Workbook

Sheet START
B2: K1 | F2: ="KEYONE / "&Lang!$B$20
F4: =Lang!$B$21
B7: =HYPERLINK("#'START'!A1",Lang!$B$2) | D7: =HYPERLINK("#'Dashboard'!A1",Lang!$B$3) | F7: =HYPERLINK("#'Orders'!A1",Lang!$B$17) | H7: =HYPERLINK("#'Products'!A1",Lang!$B$18) | J7: =HYPERLINK("#'Marketing'!A1",Lang!$B$19) | L7: =HYPERLINK("#'Settings'!A1",Lang!$B$4)
B9: =Lang!$B$22
B13: 01 | E13: =Lang!$B$23
E14: =Lang!$B$24
B17: 02 | E17: =Lang!$B$25
E18: =Lang!$B$26
B21: 03 | E21: =Lang!$B$27
E22: =Lang!$B$28
B25: 04 | E25: =Lang!$B$29
E26: =Lang!$B$30
B30: =Lang!$B$31
B32: =Lang!$B$5
B35: =Lang!$B$6
B36: Keywan Fakhri | I36: =Lang!$B$7
B38: =Lang!$B$8
B39: =HYPERLINK("https://keywanfakhri.com","keywanfakhri.com") | F39: =HYPERLINK("mailto:keywanfakhri1@gmail.com","keywanfakhri1@gmail.com") | L39: =HYPERLINK("https://www.linkedin.com/in/rahmatallah-keywan-fakhri/","LinkedIn: rahmatallah-keywan-fakhri")

Sheet Dashboard
B2: K1 | E2: ="KEYONE / "&Lang!$B$41
E3: =Lang!$B$42
B4: =HYPERLINK("#'START'!A1",Lang!$B$2) | D4: =HYPERLINK("#'Dashboard'!A1",Lang!$B$3) | F4: =HYPERLINK("#'Orders'!A1",Lang!$B$17) | H4: =HYPERLINK("#'Products'!A1",Lang!$B$18) | J4: =HYPERLINK("#'Marketing'!A1",Lang!$B$19) | L4: =HYPERLINK("#'Settings'!A1",Lang!$B$4)
B6: =Lang!$B$33 | H6: =Lang!$B$13 | K6: =Lang!$B$14 | O6: =Lang!$B$43
B7: =Settings!$D$8 | H7: 2026 | K7: Full year | O7: All
B8: =Lang!$B$44
B10: =Lang!$B$45 | E10: =Lang!$B$46 | H10: =Lang!$B$47 | K10: =Lang!$B$48 | N10: =Lang!$B$49 | Q10: =Lang!$B$50
B11: =Calc!$B$8 | E11: =Calc!$B$9 | H11: =Calc!$B$12 | K11: =Calc!$B$13 | N11: =IF(Calc!$B$10-Calc!$B$11<=0,0,Calc!$B$8/(Calc!$B$10-Calc!$B$11)) | Q11: =IF(Calc!$B$10=0,0,Calc!$B$11/Calc!$B$10)
B13: =Lang!$B$51 | D13: =Calc!$B$10 | E13: =Lang!$B$16 | G13: =IF(B11=0,0,E11/B11) | H13: =Lang!$B$52 | J13: =IF(H11=0,0,B11/H11) | K13: =Lang!$B$16 | M13: =IF(B11=0,0,K11/B11) | N13: =Lang!$B$53 | P13: =IF(Calc!$B$10=0,0,K11/Calc!$B$10) | Q13: =Lang!$B$54 | S13: =Calc!$B$11
B16: =Lang!$B$55 | M16: =Lang!$B$12
M18: =Lang!$B$62
M19: =INDEX(Calc!$A$40:$A$47,MATCH(MAX(Calc!$I$40:$I$47),Calc!$I$40:$I$47,0)) | Q19: =MAX(Calc!$I$40:$I$47)
M22: =Lang!$B$63
M23: =Calc!$A$50 | Q23: =Calc!$B$50
M26: =Lang!$B$64
M27: =IF(MIN(Calc!$G$60:$G$359)>=9,"–",INDEX(Calc!$B$60:$B$359,MATCH(MIN(Calc!$G$60:$G$359),Calc!$G$60:$G$359,0))) | Q27: =IF(MIN(Calc!$G$60:$G$359)>=9,"",MIN(Calc!$G$60:$G$359))
M30: =Lang!$B$65
M31: =INDEX(Calc!$A$40:$A$47,MATCH(MAX(Calc!$J$40:$J$47),Calc!$J$40:$J$47,0)) | Q31: =MAX(Calc!$J$40:$J$47)
B35: =Lang!$B$57 | M35: =Lang!$B$56
B55: =Lang!$B$31
B56: =Lang!$B$5

Sheet Orders
A1: ="KEYONE / "&Lang!$B$79
A3: =Lang!$B$80
A5: =HYPERLINK("#'START'!A1",Lang!$B$2) | B5: =HYPERLINK("#'Dashboard'!A1",Lang!$B$3) | C5: =HYPERLINK("#'Settings'!A1",Lang!$B$4)
A7: =Lang!$B$66 | B7: =Lang!$B$67 | C7: =Lang!$B$35 | D7: =Lang!$B$68 | E7: =Lang!$B$69 | F7: =Lang!$B$70 | G7: =Lang!$B$71 | H7: =Lang!$B$72 | I7: =Lang!$B$73 | J7: =Lang!$B$74 | K7: =Lang!$B$75 | L7: =Lang!$B$76 | M7: =Lang!$B$77 | N7: =Lang!$B$78
A8: 46023 | B8: BL26001 | C8: eBay | D8: BL-403 | E8: 1 | F8: 10.84 | G8: 0 | H8: 3.28 | I8: 5.11 | J8: x | K8: =IF(OR($A8="",$E8=""),"",IF($P8=1,0,N($E8)*N($F8)-N($G8)+N($H8))) | L8: =IF(K8="","",IF($P8=1,0,N($E8)*IFERROR(INDEX(Products!$D$8:$D$307,MATCH($D8,Products!$A$8:$A$307,0)),0))) | M8: =IF(OR(K8="",$O8=0),IF(K8="","",0),IF($P8=1,0,K8*(N(INDEX(Settings!$E$11:$E$18,$O8))+N(INDEX(Settings!$G$11:$G$18,$O8)))+N(INDEX(Settings!$F$11:$F$18,$O8)))) | N8: =IF(K8="","",K8-L8-M8-N($I8)-$P8*N(Settings!$D$20)) | O8: =IF($C8="",0,IFERROR(MATCH($C8,Settings!$D$11:$D$18,0),0)) | P8: =IF(LOWER(TRIM($J8&""))="x",1,0)
A9: 46023 | B9: BL26002 | C9: Amazon | D9: BL-403 | E9: 1 | F9: 11.38 | G9: 0 | H9: 0 | I9: 5.09 | J9: x | K9: =IF(OR($A9="",$E9=""),"",IF($P9=1,0,N($E9)*N($F9)-N($G9)+N($H9))) | L9: =IF(K9="","",IF($P9=1,0,N($E9)*IFERROR(INDEX(Products!$D$8:$D$307,MATCH($D9,Products!$A$8:$A$307,0)),0))) | M9: =IF(OR(K9="",$O9=0),IF(K9="","",0),IF($P9=1,0,K9*(N(INDEX(Settings!$E$11:$E$18,$O9))+N(INDEX(Settings!$G$11:$G$18,$O9)))+N(INDEX(Settings!$F$11:$F$18,$O9)))) | N9: =IF(K9="","",K9-L9-M9-N($I9)-$P9*N(Settings!$D$20)) | O9: =IF($C9="",0,IFERROR(MATCH($C9,Settings!$D$11:$D$18,0),0)) | P9: =IF(LOWER(TRIM($J9&""))="x",1,0)
A10: 46023 | B10: BL26003 | C10: Amazon | D10: BL-104 | E10: 1 | F10: 8.74 | G10: 0 | H10: 0 | I10: 4.73 | J10: x | K10: =IF(OR($A10="",$E10=""),"",IF($P10=1,0,N($E10)*N($F10)-N($G10)+N($H10))) | L10: =IF(K10="","",IF($P10=1,0,N($E10)*IFERROR(INDEX(Products!$D$8:$D$307,MATCH($D10,Products!$A$8:$A$307,0)),0))) | M10: =IF(OR(K10="",$O10=0),IF(K10="","",0),IF($P10=1,0,K10*(N(INDEX(Settings!$E$11:$E$18,$O10))+N(INDEX(Settings!$G$11:$G$18,$O10)))+N(INDEX(Settings!$F$11:$F$18,$O10)))) | N10: =IF(K10="","",K10-L10-M10-N($I10)-$P10*N(Settings!$D$20)) | O10: =IF($C10="",0,IFERROR(MATCH($C10,Settings!$D$11:$D$18,0),0)) | P10: =IF(LOWER(TRIM($J10&""))="x",1,0)
A11: 46023 | B11: BL26004 | C11: Own shop | D11: BL-104 | E11: 1 | F11: 8.32 | G11: 0 | H11: 4.12 | I11: 4.28 | K11: =IF(OR($A11="",$E11=""),"",IF($P11=1,0,N($E11)*N($F11)-N($G11)+N($H11))) | L11: =IF(K11="","",IF($P11=1,0,N($E11)*IFERROR(INDEX(Products!$D$8:$D$307,MATCH($D11,Products!$A$8:$A$307,0)),0))) | M11: =IF(OR(K11="",$O11=0),IF(K11="","",0),IF($P11=1,0,K11*(N(INDEX(Settings!$E$11:$E$18,$O11))+N(INDEX(Settings!$G$11:$G$18,$O11)))+N(INDEX(Settings!$F$11:$F$18,$O11)))) | N11: =IF(K11="","",K11-L11-M11-N($I11)-$P11*N(Settings!$D$20)) | O11: =IF($C11="",0,IFERROR(MATCH($C11,Settings!$D$11:$D$18,0),0)) | P11: =IF(LOWER(TRIM($J11&""))="x",1,0)
A12: 46023 | B12: BL26005 | C12: Own shop | D12: BL-204 | E12: 2 | F12: 19.24 | G12: 3.85 | H12: 4.12 | I12: 5.06 | K12: =IF(OR($A12="",$E12=""),"",IF($P12=1,0,N($E12)*N($F12)-N($G12)+N($H12))) | L12: =IF(K12="","",IF($P12=1,0,N($E12)*IFERROR(INDEX(Products!$D$8:$D$307,MATCH($D12,Products!$A$8:$A$307,0)),0))) | M12: =IF(OR(K12="",$O12=0),IF(K12="","",0),IF($P12=1,0,K12*(N(INDEX(Settings!$E$11:$E$18,$O12))+N(INDEX(Settings!$G$11:$G$18,$O12)))+N(INDEX(Settings!$F$11:$F$18,$O12)))) | N12: =IF(K12="","",K12-L12-M12-N($I12)-$P12*N(Settings!$D$20)) | O12: =IF($C12="",0,IFERROR(MATCH($C12,Settings!$D$11:$D$18,0),0)) | P12: =IF(LOWER(TRIM($J12&""))="x",1,0)
A13: 46024 | B13: BL26006 | C13: Own shop | D13: BL-403 | E13: 1 | F13: 10.84 | G13: 0 | H13: 4.12 | I13: 5.16 | K13: =IF(OR($A13="",$E13=""),"",IF($P13=1,0,N($E13)*N($F13)-N($G13)+N($H13))) | L13: =IF(K13="","",IF($P13=1,0,N($E13)*IFERROR(INDEX(Products!$D$8:$D$307,MATCH($D13,Products!$A$8:$A$307,0)),0))) | M13: =IF(OR(K13="",$O13=0),IF(K13="","",0),IF($P13=1,0,K13*(N(INDEX(Settings!$E$11:$E$18,$O13))+N(INDEX(Settings!$G$11:$G$18,$O13)))+N(INDEX(Settings!$F$11:$F$18,$O13)))) | N13: =IF(K13="","",K13-L13-M13-N($I13)-$P13*N(Settings!$D$20)) | O13: =IF($C13="",0,IFERROR(MATCH($C13,Settings!$D$11:$D$18,0),0)) | P13: =IF(LOWER(TRIM($J13&""))="x",1,0)
A14: 46024 | B14: BL26007 | C14: Amazon | D14: BL-103 | E14: 1 | F14: 30.79 | G14: 0 | H14: 0 | I14: 4.86 | K14: =IF(OR($A14="",$E14=""),"",IF($P14=1,0,N($E14)*N($F14)-N($G14)+N($H14))) | L14: =IF(K14="","",IF($P14=1,0,N($E14)*IFERROR(INDEX(Products!$D$8:$D$307,MATCH($D14,Products!$A$8:$A$307,0)),0))) | M14: =IF(OR(K14="",$O14=0),IF(K14="","",0),IF($P14=1,0,K14*(N(INDEX(Settings!$E$11:$E$18,$O14))+N(INDEX(Settings!$G$11:$G$18,$O14)))+N(INDEX(Settings!$F$11:$F$18,$O14)))) | N14: =IF(K14="","",K14-L14-M14-N($I14)-$P14*N(Settings!$D$20)) | O14: =IF($C14="",0,IFERROR(MATCH($C14,Settings!$D$11:$D$18,0),0)) | P14: =IF(LOWER(TRIM($J14&""))="x",1,0)
A15: 46024 | B15: BL26008 | C15: eBay | D15: BL-104 | E15: 1 | F15: 8.32 | G15: 0 | H15: 3.28 | I15: 4.28 | K15: =IF(OR($A15="",$E15=""),"",IF($P15=1,0,N($E15)*N($F15)-N($G15)+N($H15))) | L15: =IF(K15="","",IF($P15=1,0,N($E15)*IFERROR(INDEX(Products!$D$8:$D$307,MATCH($D15,Products!$A$8:$A$307,0)),0))) | M15: =IF(OR(K15="",$O15=0),IF(K15="","",0),IF($P15=1,0,K15*(N(INDEX(Settings!$E$11:$E$18,$O15))+N(INDEX(Settings!$G$11:$G$18,$O15)))+N(INDEX(Settings!$F$11:$F$18,$O15)))) | N15: =IF(K15="","",K15-L15-M15-N($I15)-$P15*N(Settings!$D$20)) | O15: =IF($C15="",0,IFERROR(MATCH($C15,Settings!$D$11:$D$18,0),0)) | P15: =IF(LOWER(TRIM($J15&""))="x",1,0)
A16: 46024 | B16: BL26009 | C16: Own shop | D16: BL-104 | E16: 1 | F16: 8.32 | G16: 0.83 | H16: 4.12 | I16: 4.85 | K16: =IF(OR($A16="",$E16=""),"",IF($P16=1,0,N($E16)*N($F16)-N($G16)+N($H16))) | L16: =IF(K16="","",IF($P16=1,0,N($E16)*IFERROR(INDEX(Products!$D$8:$D$307,MATCH($D16,Products!$A$8:$A$307,0)),0))) | M16: =IF(OR(K16="",$O16=0),IF(K16="","",0),IF($P16=1,0,K16*(N(INDEX(Settings!$E$11:$E$18,$O16))+N(INDEX(Settings!$G$11:$G$18,$O16)))+N(INDEX(Settings!$F$11:$F$18,$O16)))) | N16: =IF(K16="","",K16-L16-M16-N($I16)-$P16*N(Settings!$D$20)) | O16: =IF($C16="",0,IFERROR(MATCH($C16,Settings!$D$11:$D$18,0),0)) | P16: =IF(LOWER(TRIM($J16&""))="x",1,0)
A17: 46024 | B17: BL26010 | C17: Own shop | D17: BL-401 | E17: 1 | F17: 23.45 | G17: 0 | H17: 4.12 | I17: 4.63 | K17: =IF(OR($A17="",$E17=""),"",IF($P17=1,0,N($E17)*N($F17)-N($G17)+N($H17))) | L17: =IF(K17="","",IF($P17=1,0,N($E17)*IFERROR(INDEX(Products!$D$8:$D$307,MATCH($D17,Products!$A$8:$A$307,0)),0))) | M17: =IF(OR(K17="",$O17=0),IF(K17="","",0),IF($P17=1,0,K17*(N(INDEX(Settings!$E$11:$E$18,$O17))+N(INDEX(Settings!$G$11:$G$18,$O17)))+N(INDEX(Settings!$F$11:$F$18,$O17)))) | N17: =IF(K17="","",K17-L17-M17-N($I17)-$P17*N(Settings!$D$20)) | O17: =IF($C17="",0,IFERROR(MATCH($C17,Settings!$D$11:$D$18,0),0)) | P17: =IF(LOWER(TRIM($J17&""))="x",1,0)
A18: 46025 | B18: BL26011 | C18: Own shop | D18: BL-302 | E18: 1 | F18: 33.53 | G18: 3.35 | H18: 4.12 | I18: 4.97 | K18: =IF(OR($A18="",$E18=""),"",IF($P18=1,0,N($E18)*N($F18)-N($G18)+N($H18))) | L18: =IF(K18="","",IF($P18=1,0,N($E18)*IFERROR(INDEX(Products!$D$8:$D$307,MATCH($D18,Products!$A$8:$A$307,0)),0))) | M18: =IF(OR(K18="",$O18=0),IF(K18="","",0),IF($P18=1,0,K18*(N(INDEX(Settings!$E$11:$E$18,$O18))+N(INDEX(Settings!$G$11:$G$18,$O18)))+N(INDEX(Settings!$F$11:$F$18,$O18)))) | N18: =IF(K18="","",K18-L18-M18-N($I18)-$P18*N(Settings!$D$20)) | O18: =IF($C18="",0,IFERROR(MATCH($C18,Settings!$D$11:$D$18,0),0)) | P18: =IF(LOWER(TRIM($J18&""))="x",1,0)
A19: 46025 | B19: BL26012 | C19: Amazon | D19: BL-101 | E19: 2 | F19: 21.97 | G19: 0 | H19: 0 | I19: 4.3 | K19: =IF(OR($A19="",$E19=""),"",IF($P19=1,0,N($E19)*N($F19)-N($G19)+N($H19))) | L19: =IF(K19="","",IF($P19=1,0,N($E19)*IFERROR(INDEX(Products!$D$8:$D$307,MATCH($D19,Products!$A$8:$A$307,0)),0))) | M19: =IF(OR(K19="",$O19=0),IF(K19="","",0),IF($P19=1,0,K19*(N(INDEX(Settings!$E$11:$E$18,$O19))+N(INDEX(Settings!$G$11:$G$18,$O19)))+N(INDEX(Settings!$F$11:$F$18,$O19)))) | N19: =IF(K19="","",K19-L19-M19-N($I19)-$P19*N(Settings!$D$20)) | O19: =IF($C19="",0,IFERROR(MATCH($C19,Settings!$D$11:$D$18,0),0)) | P19: =IF(LOWER(TRIM($J19&""))="x",1,0)
A20: 46025 | B20: BL26013 | C20: Own shop | D20: BL-303 | E20: 1 | F20: 10 | G20: 0 | H20: 4.12 | I20: 4.48 | K20: =IF(OR($A20="",$E20=""),"",IF($P20=1,0,N($E20)*N($F20)-N($G20)+N($H20))) | L20: =IF(K20="","",IF($P20=1,0,N($E20)*IFERROR(INDEX(Products!$D$8:$D$307,MATCH($D20,Products!$A$8:$A$307,0)),0))) | M20: =IF(OR(K20="",$O20=0),IF(K20="","",0),IF($P20=1,0,K20*(N(INDEX(Settings!$E$11:$E$18,$O20))+N(INDEX(Settings!$G$11:$G$18,$O20)))+N(INDEX(Settings!$F$11:$F$18,$O20)))) | N20: =IF(K20="","",K20-L20-M20-N($I20)-$P20*N(Settings!$D$20)) | O20: =IF($C20="",0,IFERROR(MATCH($C20,Settings!$D$11:$D$18,0),0)) | P20: =IF(LOWER(TRIM($J20&""))="x",1,0)
A21: 46025 | B21: BL26014 | C21: Amazon | D21: BL-303 | E21: 2 | F21: 10.5 | G21: 0 | H21: 0 | I21: 4.92 | K21: =IF(OR($A21="",$E21=""),"",IF($P21=1,0,N($E21)*N($F21)-N($G21)+N($H21))) | L21: =IF(K21="","",IF($P21=1,0,N($E21)*IFERROR(INDEX(Products!$D$8:$D$307,MATCH($D21,Products!$A$8:$A$307,0)),0))) | M21: =IF(OR(K21="",$O21=0),IF(K21="","",0),IF($P21=1,0,K21*(N(INDEX(Settings!$E$11:$E$18,$O21))+N(INDEX(Settings!$G$11:$G$18,$O21)))+N(INDEX(Settings!$F$11:$F$18,$O21)))) | N21: =IF(K21="","",K21-L21-M21-N($I21)-$P21*N(Settings!$D$20)) | O21: =IF($C21="",0,IFERROR(MATCH($C21,Settings!$D$11:$D$18,0),0)) | P21: =IF(LOWER(TRIM($J21&""))="x",1,0)
A22: 46025 | B22: BL26015 | C22: eBay | D22: BL-101 | E22: 1 | F22: 20.92 | G22: 0 | H22: 3.28 | I22: 4.2 | K22: =IF(OR($A22="",$E22=""),"",IF($P22=1,0,N($E22)*N($F22)-N($G22)+N($H22))) | L22: =IF(K22="","",IF($P22=1,0,N($E22)*IFERROR(INDEX(Products!$D$8:$D$307,MATCH($D22,Products!$A$8:$A$307,0)),0))) | M22: =IF(OR(K22="",$O22=0),IF(K22="","",0),IF($P22=1,0,K22*(N(INDEX(Settings!$E$11:$E$18,$O22))+N(INDEX(Settings!$G$11:$G$18,$O22)))+N(INDEX(Settings!$F$11:$F$18,$O22)))) | N22: =IF(K22="","",K22-L22-M22-N($I22)-$P22*N(Settings!$D$20)) | O22: =IF($C22="",0,IFERROR(MATCH($C22,Settings!$D$11:$D$18,0),0)) | P22: =IF(LOWER(TRIM($J22&""))="x",1,0)
... A26: 46025 | B26: BL26019 | C26: Own shop | D26: BL-104 | E26: 1 | F26: 8.32 | G26: 0 | H26: 4.12 | I26: 4.6 | K26: =IF(OR($A26="",$E26=""),"",IF($P26=1,0,N($E26)*N($F26)-N($G26)+N($H26))) | L26: =IF(K26="","",IF($P26=1,0,N($E26)*IFERROR(INDEX(Products!$D$8:$D$307,MATCH($D26,Products!$A$8:$A$307,0)),0))) | M26: =IF(OR(K26="",$O26=0),IF(K26="","",0),IF($P26=1,0,K26*(N(INDEX(Settings!$E$11:$E$18,$O26))+N(INDEX(Settings!$G$11:$G$18,$O26)))+N(INDEX(Settings!$F$11:$F$18,$O26)))) | N26: =IF(K26="","",K26-L26-M26-N($I26)-$P26*N(Settings!$D$20)) | O26: =IF($C26="",0,IFERROR(MATCH($C26,Settings!$D$11:$D$18,0),0)) | P26: =IF(LOWER(TRIM($J26&""))="x",1,0)
A27: 46025 | B27: BL26020 | C27: Own shop | D27: BL-403 | E27: 2 | F27: 10.84 | G27: 0 | H27: 4.12 | I27: 5.02 | J27: x | K27: =IF(OR($A27="",$E27=""),"",IF($P27=1,0,N($E27)*N($F27)-N($G27)+N($H27))) | L27: =IF(K27="","",IF($P27=1,0,N($E27)*IFERROR(INDEX(Products!$D$8:$D$307,MATCH($D27,Products!$A$8:$A$307,0)),0))) | M27: =IF(OR(K27="",$O27=0),IF(K27="","",0),IF($P27=1,0,K27*(N(INDEX(Settings!$E$11:$E$18,$O27))+N(INDEX(Settings!$G$11:$G$18,$O27)))+N(INDEX(Settings!$F$11:$F$18,$O27)))) | N27: =IF(K27="","",K27-L27-M27-N($I27)-$P27*N(Settings!$D$20)) | O27: =IF($C27="",0,IFERROR(MATCH($C27,Settings!$D$11:$D$18,0),0)) | P27: =IF(LOWER(TRIM($J27&""))="x",1,0)
A28: 46025 | B28: BL26021 | C28: Amazon | D28: BL-403 | E28: 1 | F28: 11.38 | G28: 0 | H28: 0 | I28: 4.97 | J28: x | K28: =IF(OR($A28="",$E28=""),"",IF($P28=1,0,N($E28)*N($F28)-N($G28)+N($H28))) | L28: =IF(K28="","",IF($P28=1,0,N($E28)*IFERROR(INDEX(Products!$D$8:$D$307,MATCH($D28,Products!$A$8:$A$307,0)),0))) | M28: =IF(OR(K28="",$O28=0),IF(K28="","",0),IF($P28=1,0,K28*(N(INDEX(Settings!$E$11:$E$18,$O28))+N(INDEX(Settings!$G$11:$G$18,$O28)))+N(INDEX(Settings!$F$11:$F$18,$O28)))) | N28: =IF(K28="","",K28-L28-M28-N($I28)-$P28*N(Settings!$D$20)) | O28: =IF($C28="",0,IFERROR(MATCH($C28,Settings!$D$11:$D$18,0),0)) | P28: =IF(LOWER(TRIM($J28&""))="x",1,0)
A29: 46025 | B29: BL26022 | C29: Own shop | D29: BL-102 | E29: 1 | F29: 14.2 | G29: 0 | H29: 4.12 | I29: 4.6 | K29: =IF(OR($A29="",$E29=""),"",IF($P29=1,0,N($E29)*N($F29)-N($G29)+N($H29))) | L29: =IF(K29="","",IF($P29=1,0,N($E29)*IFERROR(INDEX(Products!$D$8:$D$307,MATCH($D29,Products!$A$8:$A$307,0)),0))) | M29: =IF(OR(K29="",$O29=0),IF(K29="","",0),IF($P29=1,0,K29*(N(INDEX(Settings!$E$11:$E$18,$O29))+N(INDEX(Settings!$G$11:$G$18,$O29)))+N(INDEX(Settings!$F$11:$F$18,$O29)))) | N29: =IF(K29="","",K29-L29-M29-N($I29)-$P29*N(Settings!$D$20)) | O29: =IF($C29="",0,IFERROR(MATCH($C29,Settings!$D$11:$D$18,0),0)) | P29: =IF(LOWER(TRIM($J29&""))="x",1,0)
A30: 46025 | B30: BL26023 | C30: eBay | D30: BL-403 | E30: 1 | F30: 10.84 | G30: 0 | H30: 3.28 | I30: 4.64 | K30: =IF(OR($A30="",$E30=""),"",IF($P30=1,0,N($E30)*N($F30)-N($G30)+N($H30))) | L30: =IF(K30="","",IF($P30=1,0,N($E30)*IFERROR(INDEX(Products!$D$8:$D$307,MATCH($D30,Products!$A$8:$A$307,0)),0))) | M30: =IF(OR(K30="",$O30=0),IF(K30="","",0),IF($P30=1,0,K30*(N(INDEX(Settings!$E$11:$E$18,$O30))+N(INDEX(Settings!$G$11:$G$18,$O30)))+N(INDEX(Settings!$F$11:$F$18,$O30)))) | N30: =IF(K30="","",K30-L30-M30-N($I30)-$P30*N(Settings!$D$20)) | O30: =IF($C30="",0,IFERROR(MATCH($C30,Settings!$D$11:$D$18,0),0)) | P30: =IF(LOWER(TRIM($J30&""))="x",1,0)
A31: 46026 | B31: BL26024 | C31: Amazon | D31: BL-104 | E31: 1 | F31: 8.74 | G31: 0 | H31: 0 | I31: 4.26 | K31: =IF(OR($A31="",$E31=""),"",IF($P31=1,0,N($E31)*N($F31)-N($G31)+N($H31))) | L31: =IF(K31="","",IF($P31=1,0,N($E31)*IFERROR(INDEX(Products!$D$8:$D$307,MATCH($D31,Products!$A$8:$A$307,0)),0))) | M31: =IF(OR(K31="",$O31=0),IF(K31="","",0),IF($P31=1,0,K31*(N(INDEX(Settings!$E$11:$E$18,$O31))+N(INDEX(Settings!$G$11:$G$18,$O31)))+N(INDEX(Settings!$F$11:$F$18,$O31)))) | N31: =IF(K31="","",K31-L31-M31-N($I31)-$P31*N(Settings!$D$20)) | O31: =IF($C31="",0,IFERROR(MATCH($C31,Settings!$D$11:$D$18,0),0)) | P31: =IF(LOWER(TRIM($J31&""))="x",1,0)
A32: 46026 | B32: BL26025 | C32: Etsy | D32: BL-403 | E32: 1 | F32: 10.84 | G32: 0 | H32: 3.28 | I32: 4.65 | K32: =IF(OR($A32="",$E32=""),"",IF($P32=1,0,N($E32)*N($F32)-N($G32)+N($H32))) | L32: =IF(K32="","",IF($P32=1,0,N($E32)*IFERROR(INDEX(Products!$D$8:$D$307,MATCH($D32,Products!$A$8:$A$307,0)),0))) | M32: =IF(OR(K32="",$O32=0),IF(K32="","",0),IF($P32=1,0,K32*(N(INDEX(Settings!$E$11:$E$18,$O32))+N(INDEX(Settings!$G$11:$G$18,$O32)))+N(INDEX(Settings!$F$11:$F$18,$O32)))) | N32: =IF(K32="","",K32-L32-M32-N($I32)-$P32*N(Settings!$D$20)) | O32: =IF($C32="",0,IFERROR(MATCH($C32,Settings!$D$11:$D$18,0),0)) | P32: =IF(LOWER(TRIM($J32&""))="x",1,0)
A33: 46026 | B33: BL26026 | C33: Own shop | D33: BL-104 | E33: 1 | F33: 8.32 | G33: 0 | H33: 4.12 | I33: 4.5 | K33: =IF(OR($A33="",$E33=""),"",IF($P33=1,0,N($E33)*N($F33)-N($G33)+N($H33))) | L33: =IF(K33="","",IF($P33=1,0,N($E33)*IFERROR(INDEX(Products!$D$8:$D$307,MATCH($D33,Products!$A$8:$A$307,0)),0))) | M33: =IF(OR(K33="",$O33=0),IF(K33="","",0),IF($P33=1,0,K33*(N(INDEX(Settings!$E$11:$E$18,$O33))+N(INDEX(Settings!$G$11:$G$18,$O33)))+N(INDEX(Settings!$F$11:$F$18,$O33)))) | N33: =IF(K33="","",K33-L33-M33-N($I33)-$P33*N(Settings!$D$20)) | O33: =IF($C33="",0,IFERROR(MATCH($C33,Settings!$D$11:$D$18,0),0)) | P33: =IF(LOWER(TRIM($J33&""))="x",1,0)
A34: 46026 | B34: BL26027 | C34: Amazon | D34: BL-302 | E34: 1 | F34: 35.21 | G34: 0 | H34: 0 | I34: 4.94 | K34: =IF(OR($A34="",$E34=""),"",IF($P34=1,0,N($E34)*N($F34)-N($G34)+N($H34))) | L34: =IF(K34="","",IF($P34=1,0,N($E34)*IFERROR(INDEX(Products!$D$8:$D$307,MATCH($D34,Products!$A$8:$A$307,0)),0))) | M34: =IF(OR(K34="",$O34=0),IF(K34="","",0),IF($P34=1,0,K34*(N(INDEX(Settings!$E$11:$E$18,$O34))+N(INDEX(Settings!$G$11:$G$18,$O34)))+N(INDEX(Settings!$F$11:$F$18,$O34)))) | N34: =IF(K34="","",K34-L34-M34-N($I34)-$P34*N(Settings!$D$20)) | O34: =IF($C34="",0,IFERROR(MATCH($C34,Settings!$D$11:$D$18,0),0)) | P34: =IF(LOWER(TRIM($J34&""))="x",1,0)
A35: 46026 | B35: BL26028 | C35: Amazon | D35: BL-104 | E35: 1 | F35: 8.74 | G35: 0 | H35: 0 | I35: 4.95 | K35: =IF(OR($A35="",$E35=""),"",IF($P35=1,0,N($E35)*N($F35)-N($G35)+N($H35))) | L35: =IF(K35="","",IF($P35=1,0,N($E35)*IFERROR(INDEX(Products!$D$8:$D$307,MATCH($D35,Products!$A$8:$A$307,0)),0))) | M35: =IF(OR(K35="",$O35=0),IF(K35="","",0),IF($P35=1,0,K35*(N(INDEX(Settings!$E$11:$E$18,$O35))+N(INDEX(Settings!$G$11:$G$18,$O35)))+N(INDEX(Settings!$F$11:$F$18,$O35)))) | N35: =IF(K35="","",K35-L35-M35-N($I35)-$P35*N(Settings!$D$20)) | O35: =IF($C35="",0,IFERROR(MATCH($C35,Settings!$D$11:$D$18,0),0)) | P35: =IF(LOWER(TRIM($J35&""))="x",1,0)
A36: 46026 | B36: BL26029 | C36: Own shop | D36: BL-403 | E36: 1 | F36: 10.84 | G36: 0 | H36: 4.12 | I36: 4.11 | K36: =IF(OR($A36="",$E36=""),"",IF($P36=1,0,N($E36)*N($F36)-N($G36)+N($H36))) | L36: =IF(K36="","",IF($P36=1,0,N($E36)*IFERROR(INDEX(Products!$D$8:$D$307,MATCH($D36,Products!$A$8:$A$307,0)),0))) | M36: =IF(OR(K36="",$O36=0),IF(K36="","",0),IF($P36=1,0,K36*(N(INDEX(Settings!$E$11:$E$18,$O36))+N(INDEX(Settings!$G$11:$G$18,$O36)))+N(INDEX(Settings!$F$11:$F$18,$O36)))) | N36: =IF(K36="","",K36-L36-M36-N($I36)-$P36*N(Settings!$D$20)) | O36: =IF($C36="",0,IFERROR(MATCH($C36,Settings!$D$11:$D$18,0),0)) | P36: =IF(LOWER(TRIM($J36&""))="x",1,0)
A37: 46026 | B37: BL26030 | C37: Own shop | D37: BL-301 | E37: 1 | F37: 18.4 | G37: 0 | H37: 4.12 | I37: 4.81 | K37: =IF(OR($A37="",$E37=""),"",IF($P37=1,0,N($E37)*N($F37)-N($G37)+N($H37))) | L37: =IF(K37="","",IF($P37=1,0,N($E37)*IFERROR(INDEX(Products!$D$8:$D$307,MATCH($D37,Products!$A$8:$A$307,0)),0))) | M37: =IF(OR(K37="",$O37=0),IF(K37="","",0),IF($P37=1,0,K37*(N(INDEX(Settings!$E$11:$E$18,$O37))+N(INDEX(Settings!$G$11:$G$18,$O37)))+N(INDEX(Settings!$F$11:$F$18,$O37)))) | N37: =IF(K37="","",K37-L37-M37-N($I37)-$P37*N(Settings!$D$20)) | O37: =IF($C37="",0,IFERROR(MATCH($C37,Settings!$D$11:$D$18,0),0)) | P37: =IF(LOWER(TRIM($J37&""))="x",1,0)
A38: 46026 | B38: BL26031 | C38: Own shop | D38: BL-301 | E38: 1 | F38: 18.4 | G38: 0 | H38: 4.12 | I38: 4.49 | K38: =IF(OR($A38="",$E38=""),"",IF($P38=1,0,N($E38)*N($F38)-N($G38)+N($H38))) | L38: =IF(K38="","",IF($P38=1,0,N($E38)*IFERROR(INDEX(Products!$D$8:$D$307,MATCH($D38,Products!$A$8:$A$307,0)),0))) | M38: =IF(OR(K38="",$O38=0),IF(K38="","",0),IF($P38=1,0,K38*(N(INDEX(Settings!$E$11:$E$18,$O38))+N(INDEX(Settings!$G$11:$G$18,$O38)))+N(INDEX(Settings!$F$11:$F$18,$O38)))) | N38: =IF(K38="","",K38-L38-M38-N($I38)-$P38*N(Settings!$D$20)) | O38: =IF($C38="",0,IFERROR(MATCH($C38,Settings!$D$11:$D$18,0),0)) | P38: =IF(LOWER(TRIM($J38&""))="x",1,0)
A39: 46026 | B39: BL26032 | C39: eBay | D39: BL-301 | E39: 1 | F39: 18.4 | G39: 0 | H39: 3.28 | I39: 5.15 | K39: =IF(OR($A39="",$E39=""),"",IF($P39=1,0,N($E39)*N($F39)-N($G39)+N($H39))) | L39: =IF(K39="","",IF($P39=1,0,N($E39)*IFERROR(INDEX(Products!$D$8:$D$307,MATCH($D39,Products!$A$8:$A$307,0)),0))) | M39: =IF(OR(K39="",$O39=0),IF(K39="","",0),IF($P39=1,0,K39*(N(INDEX(Settings!$E$11:$E$18,$O39))+N(INDEX(Settings!$G$11:$G$18,$O39)))+N(INDEX(Settings!$F$11:$F$18,$O39)))) | N39: =IF(K39="","",K39-L39-M39-N($I39)-$P39*N(Settings!$D$20)) | O39: =IF($C39="",0,IFERROR(MATCH($C39,Settings!$D$11:$D$18,0),0)) | P39: =IF(LOWER(TRIM($J39&""))="x",1,0)
A40: 46026 | B40: BL26033 | C40: Amazon | D40: BL-102 | E40: 1 | F40: 14.91 | G40: 0 | H40: 0 | I40: 5.13 | K40: =IF(OR($A40="",$E40=""),"",IF($P40=1,0,N($E40)*N($F40)-N($G40)+N($H40))) | L40: =IF(K40="","",IF($P40=1,0,N($E40)*IFERROR(INDEX(Products!$D$8:$D$307,MATCH($D40,Products!$A$8:$A$307,0)),0))) | M40: =IF(OR(K40="",$O40=0),IF(K40="","",0),IF($P40=1,0,K40*(N(INDEX(Settings!$E$11:$E$18,$O40))+N(INDEX(Settings!$G$11:$G$18,$O40)))+N(INDEX(Settings!$F$11:$F$18,$O40)))) | N40: =IF(K40="","",K40-L40-M40-N($I40)-$P40*N(Settings!$D$20)) | O40: =IF($C40="",0,IFERROR(MATCH($C40,Settings!$D$11:$D$18,0),0)) | P40: =IF(LOWER(TRIM($J40&""))="x",1,0)
A41: 46026 | B41: BL26034 | C41: Amazon | D41: BL-302 | E41: 1 | F41: 35.21 | G41: 0 | H41: 0 | I41: 4.29 | K41: =IF(OR($A41="",$E41=""),"",IF($P41=1,0,N($E41)*N($F41)-N($G41)+N($H41))) | L41: =IF(K41="","",IF($P41=1,0,N($E41)*IFERROR(INDEX(Products!$D$8:$D$307,MATCH($D41,Products!$A$8:$A$307,0)),0))) | M41: =IF(OR(K41="",$O41=0),IF(K41="","",0),IF($P41=1,0,K41*(N(INDEX(Settings!$E$11:$E$18,$O41))+N(INDEX(Settings!$G$11:$G$18,$O41)))+N(INDEX(Settings!$F$11:$F$18,$O41)))) | N41: =IF(K41="","",K41-L41-M41-N($I41)-$P41*N(Settings!$D$20)) | O41: =IF($C41="",0,IFERROR(MATCH($C41,Settings!$D$11:$D$18,0),0)) | P41: =IF(LOWER(TRIM($J41&""))="x",1,0)
A42: 46027 | B42: BL26035 | C42: Own shop | D42: BL-204 | E42: 1 | F42: 19.24 | G42: 0 | H42: 4.12 | I42: 4.89 | J42: x | K42: =IF(OR($A42="",$E42=""),"",IF($P42=1,0,N($E42)*N($F42)-N($G42)+N($H42))) | L42: =IF(K42="","",IF($P42=1,0,N($E42)*IFERROR(INDEX(Products!$D$8:$D$307,MATCH($D42,Products!$A$8:$A$307,0)),0))) | M42: =IF(OR(K42="",$O42=0),IF(K42="","",0),IF($P42=1,0,K42*(N(INDEX(Settings!$E$11:$E$18,$O42))+N(INDEX(Settings!$G$11:$G$18,$O42)))+N(INDEX(Settings!$F$11:$F$18,$O42)))) | N42: =IF(K42="","",K42-L42-M42-N($I42)-$P42*N(Settings!$D$20)) | O42: =IF($C42="",0,IFERROR(MATCH($C42,Settings!$D$11:$D$18,0),0)) | P42: =IF(LOWER(TRIM($J42&""))="x",1,0)
A43: 46027 | B43: BL26036 | C43: Own shop | D43: BL-201 | E43: 1 | F43: 12.52 | G43: 0 | H43: 4.12 | I43: 4.85 | K43: =IF(OR($A43="",$E43=""),"",IF($P43=1,0,N($E43)*N($F43)-N($G43)+N($H43))) | L43: =IF(K43="","",IF($P43=1,0,N($E43)*IFERROR(INDEX(Products!$D$8:$D$307,MATCH($D43,Products!$A$8:$A$307,0)),0))) | M43: =IF(OR(K43="",$O43=0),IF(K43="","",0),IF($P43=1,0,K43*(N(INDEX(Settings!$E$11:$E$18,$O43))+N(INDEX(Settings!$G$11:$G$18,$O43)))+N(INDEX(Settings!$F$11:$F$18,$O43)))) | N43: =IF(K43="","",K43-L43-M43-N($I43)-$P43*N(Settings!$D$20)) | O43: =IF($C43="",0,IFERROR(MATCH($C43,Settings!$D$11:$D$18,0),0)) | P43: =IF(LOWER(TRIM($J43&""))="x",1,0)
A44: 46027 | B44: BL26037 | C44: Own shop | D44: BL-202 | E44: 1 | F44: 57.98 | G44: 5.8 | H44: 0 | I44: 6.9 | K44: =IF(OR($A44="",$E44=""),"",IF($P44=1,0,N($E44)*N($F44)-N($G44)+N($H44))) | L44: =IF(K44="","",IF($P44=1,0,N($E44)*IFERROR(INDEX(Products!$D$8:$D$307,MATCH($D44,Products!$A$8:$A$307,0)),0))) | M44: =IF(OR(K44="",$O44=0),IF(K44="","",0),IF($P44=1,0,K44*(N(INDEX(Settings!$E$11:$E$18,$O44))+N(INDEX(Settings!$G$11:$G$18,$O44)))+N(INDEX(Settings!$F$11:$F$18,$O44)))) | N44: =IF(K44="","",K44-L44-M44-N($I44)-$P44*N(Settings!$D$20)) | O44: =IF($C44="",0,IFERROR(MATCH($C44,Settings!$D$11:$D$18,0),0)) | P44: =IF(LOWER(TRIM($J44&""))="x",1,0)
A45: 46027 | B45: BL26038 | C45: Own shop | D45: BL-103 | E45: 1 | F45: 29.33 | G45: 2.93 | H45: 4.12 | I45: 4.61 | K45: =IF(OR($A45="",$E45=""),"",IF($P45=1,0,N($E45)*N($F45)-N($G45)+N($H45))) | L45: =IF(K45="","",IF($P45=1,0,N($E45)*IFERROR(INDEX(Products!$D$8:$D$307,MATCH($D45,Products!$A$8:$A$307,0)),0))) | M45: =IF(OR(K45="",$O45=0),IF(K45="","",0),IF($P45=1,0,K45*(N(INDEX(Settings!$E$11:$E$18,$O45))+N(INDEX(Settings!$G$11:$G$18,$O45)))+N(INDEX(Settings!$F$11:$F$18,$O45)))) | N45: =IF(K45="","",K45-L45-M45-N($I45)-$P45*N(Settings!$D$20)) | O45: =IF($C45="",0,IFERROR(MATCH($C45,Settings!$D$11:$D$18,0),0)) | P45: =IF(LOWER(TRIM($J45&""))="x",1,0)
A46: 46027 | B46: BL26039 | C46: Amazon | D46: BL-204 | E46: 1 | F46: 20.21 | G46: 0 | H46: 0 | I46: 5.09 | J46: x | K46: =IF(OR($A46="",$E46=""),"",IF($P46=1,0,N($E46)*N($F46)-N($G46)+N($H46))) | L46: =IF(K46="","",IF($P46=1,0,N($E46)*IFERROR(INDEX(Products!$D$8:$D$307,MATCH($D46,Products!$A$8:$A$307,0)),0))) | M46: =IF(OR(K46="",$O46=0),IF(K46="","",0),IF($P46=1,0,K46*(N(INDEX(Settings!$E$11:$E$18,$O46))+N(INDEX(Settings!$G$11:$G$18,$O46)))+N(INDEX(Settings!$F$11:$F$18,$O46)))) | N46: =IF(K46="","",K46-L46-M46-N($I46)-$P46*N(Settings!$D$20)) | O46: =IF($C46="",0,IFERROR(MATCH($C46,Settings!$D$11:$D$18,0),0)) | P46: =IF(LOWER(TRIM($J46&""))="x",1,0)
A47: 46028 | B47: BL26040 | C47: Own shop | D47: BL-104 | E47: 1 | F47: 8.32 | G47: 0.83 | H47: 4.12 | I47: 5.01 | K47: =IF(OR($A47="",$E47=""),"",IF($P47=1,0,N($E47)*N($F47)-N($G47)+N($H47))) | L47: =IF(K47="","",IF($P47=1,0,N($E47)*IFERROR(INDEX(Products!$D$8:$D$307,MATCH($D47,Products!$A$8:$A$307,0)),0))) | M47: =IF(OR(K47="",$O47=0),IF(K47="","",0),IF($P47=1,0,K47*(N(INDEX(Settings!$E$11:$E$18,$O47))+N(INDEX(Settings!$G$11:$G$18,$O47)))+N(INDEX(Settings!$F$11:$F$18,$O47)))) | N47: =IF(K47="","",K47-L47-M47-N($I47)-$P47*N(Settings!$D$20)) | O47: =IF($C47="",0,IFERROR(MATCH($C47,Settings!$D$11:$D$18,0),0)) | P47: =IF(LOWER(TRIM($J47&""))="x",1,0)
A48: 46028 | B48: BL26041 | C48: Own shop | D48: BL-204 | E48: 2 | F48: 19.24 | G48: 0 | H48: 4.12 | I48: 4.47 | K48: =IF(OR($A48="",$E48=""),"",IF($P48=1,0,N($E48)*N($F48)-N($G48)+N($H48))) | L48: =IF(K48="","",IF($P48=1,0,N($E48)*IFERROR(INDEX(Products!$D$8:$D$307,MATCH($D48,Products!$A$8:$A$307,0)),0))) | M48: =IF(OR(K48="",$O48=0),IF(K48="","",0),IF($P48=1,0,K48*(N(INDEX(Settings!$E$11:$E$18,$O48))+N(INDEX(Settings!$G$11:$G$18,$O48)))+N(INDEX(Settings!$F$11:$F$18,$O48)))) | N48: =IF(K48="","",K48-L48-M48-N($I48)-$P48*N(Settings!$D$20)) | O48: =IF($C48="",0,IFERROR(MATCH($C48,Settings!$D$11:$D$18,0),0)) | P48: =IF(LOWER(TRIM($J48&""))="x",1,0)
A49: 46028 | B49: BL26042 | C49: Etsy | D49: BL-401 | E49: 1 | F49: 23.45 | G49: 0 | H49: 3.28 | I49: 4.99 | K49: =IF(OR($A49="",$E49=""),"",IF($P49=1,0,N($E49)*N($F49)-N($G49)+N($H49))) | L49: =IF(K49="","",IF($P49=1,0,N($E49)*IFERROR(INDEX(Products!$D$8:$D$307,MATCH($D49,Products!$A$8:$A$307,0)),0))) | M49: =IF(OR(K49="",$O49=0),IF(K49="","",0),IF($P49=1,0,K49*(N(INDEX(Settings!$E$11:$E$18,$O49))+N(INDEX(Settings!$G$11:$G$18,$O49)))+N(INDEX(Settings!$F$11:$F$18,$O49)))) | N49: =IF(K49="","",K49-L49-M49-N($I49)-$P49*N(Settings!$D$20)) | O49: =IF($C49="",0,IFERROR(MATCH($C49,Settings!$D$11:$D$18,0),0)) | P49: =IF(LOWER(TRIM($J49&""))="x",1,0)
A50: 46028 | B50: BL26043 | C50: Own shop | D50: BL-102 | E50: 1 | F50: 14.2 | G50: 0 | H50: 4.12 | I50: 5.15 | K50: =IF(OR($A50="",$E50=""),"",IF($P50=1,0,N($E50)*N($F50)-N($G50)+N($H50))) | L50: =IF(K50="","",IF($P50=1,0,N($E50)*IFERROR(INDEX(Products!$D$8:$D$307,MATCH($D50,Products!$A$8:$A$307,0)),0))) | M50: =IF(OR(K50="",$O50=0),IF(K50="","",0),IF($P50=1,0,K50*(N(INDEX(Settings!$E$11:$E$18,$O50))+N(INDEX(Settings!$G$11:$G$18,$O50)))+N(INDEX(Settings!$F$11:$F$18,$O50)))) | N50: =IF(K50="","",K50-L50-M50-N($I50)-$P50*N(Settings!$D$20)) | O50: =IF($C50="",0,IFERROR(MATCH($C50,Settings!$D$11:$D$18,0),0)) | P50: =IF(LOWER(TRIM($J50&""))="x",1,0)
A51: 46028 | B51: BL26044 | C51: Amazon | D51: BL-201 | E51: 1 | F51: 13.15 | G51: 0 | H51: 0 | I51: 4.1 | K51: =IF(OR($A51="",$E51=""),"",IF($P51=1,0,N($E51)*N($F51)-N($G51)+N($H51))) | L51: =IF(K51="","",IF($P51=1,0,N($E51)*IFERROR(INDEX(Products!$D$8:$D$307,MATCH($D51,Products!$A$8:$A$307,0)),0))) | M51: =IF(OR(K51="",$O51=0),IF(K51="","",0),IF($P51=1,0,K51*(N(INDEX(Settings!$E$11:$E$18,$O51))+N(INDEX(Settings!$G$11:$G$18,$O51)))+N(INDEX(Settings!$F$11:$F$18,$O51)))) | N51: =IF(K51="","",K51-L51-M51-N($I51)-$P51*N(Settings!$D$20)) | O51: =IF($C51="",0,IFERROR(MATCH($C51,Settings!$D$11:$D$18,0),0)) | P51: =IF(LOWER(TRIM($J51&""))="x",1,0)
A52: 46028 | B52: BL26045 | C52: Amazon | D52: BL-204 | E52: 2 | F52: 20.21 | G52: 0 | H52: 0 | I52: 4.79 | K52: =IF(OR($A52="",$E52=""),"",IF($P52=1,0,N($E52)*N($F52)-N($G52)+N($H52))) | L52: =IF(K52="","",IF($P52=1,0,N($E52)*IFERROR(INDEX(Products!$D$8:$D$307,MATCH($D52,Products!$A$8:$A$307,0)),0))) | M52: =IF(OR(K52="",$O52=0),IF(K52="","",0),IF($P52=1,0,K52*(N(INDEX(Settings!$E$11:$E$18,$O52))+N(INDEX(Settings!$G$11:$G$18,$O52)))+N(INDEX(Settings!$F$11:$F$18,$O52)))) | N52: =IF(K52="","",K52-L52-M52-N($I52)-$P52*N(Settings!$D$20)) | O52: =IF($C52="",0,IFERROR(MATCH($C52,Settings!$D$11:$D$18,0),0)) | P52: =IF(LOWER(TRIM($J52&""))="x",1,0)
A53: 46029 | B53: BL26046 | C53: Own shop | D53: BL-104 | E53: 1 | F53: 8.32 | G53: 0 | H53: 4.12 | I53: 5.16 | K53: =IF(OR($A53="",$E53=""),"",IF($P53=1,0,N($E53)*N($F53)-N($G53)+N($H53))) | L53: =IF(K53="","",IF($P53=1,0,N($E53)*IFERROR(INDEX(Products!$D$8:$D$307,MATCH($D53,Products!$A$8:$A$307,0)),0))) | M53: =IF(OR(K53="",$O53=0),IF(K53="","",0),IF($P53=1,0,K53*(N(INDEX(Settings!$E$11:$E$18,$O53))+N(INDEX(Settings!$G$11:$G$18,$O53)))+N(INDEX(Settings!$F$11:$F$18,$O53)))) | N53: =IF(K53="","",K53-L53-M53-N($I53)-$P53*N(Settings!$D$20)) | O53: =IF($C53="",0,IFERROR(MATCH($C53,Settings!$D$11:$D$18,0),0)) | P53: =IF(LOWER(TRIM($J53&""))="x",1,0)
A54: 46029 | B54: BL26047 | C54: Amazon | D54: BL-104 | E54: 1 | F54: 8.74 | G54: 0 | H54: 0 | I54: 4.65 | K54: =IF(OR($A54="",$E54=""),"",IF($P54=1,0,N($E54)*N($F54)-N($G54)+N($H54))) | L54: =IF(K54="","",IF($P54=1,0,N($E54)*IFERROR(INDEX(Products!$D$8:$D$307,MATCH($D54,Products!$A$8:$A$307,0)),0))) | M54: =IF(OR(K54="",$O54=0),IF(K54="","",0),IF($P54=1,0,K54*(N(INDEX(Settings!$E$11:$E$18,$O54))+N(INDEX(Settings!$G$11:$G$18,$O54)))+N(INDEX(Settings!$F$11:$F$18,$O54)))) | N54: =IF(K54="","",K54-L54-M54-N($I54)-$P54*N(Settings!$D$20)) | O54: =IF($C54="",0,IFERROR(MATCH($C54,Settings!$D$11:$D$18,0),0)) | P54: =IF(LOWER(TRIM($J54&""))="x",1,0)
A55: 46029 | B55: BL26048 | C55: Own shop | D55: BL-403 | E55: 1 | F55: 10.84 | G55: 0 | H55: 4.12 | I55: 4.62 | J55: x | K55: =IF(OR($A55="",$E55=""),"",IF($P55=1,0,N($E55)*N($F55)-N($G55)+N($H55))) | L55: =IF(K55="","",IF($P55=1,0,N($E55)*IFERROR(INDEX(Products!$D$8:$D$307,MATCH($D55,Products!$A$8:$A$307,0)),0))) | M55: =IF(OR(K55="",$O55=0),IF(K55="","",0),IF($P55=1,0,K55*(N(INDEX(Settings!$E$11:$E$18,$O55))+N(INDEX(Settings!$G$11:$G$18,$O55)))+N(INDEX(Settings!$F$11:$F$18,$O55)))) | N55: =IF(K55="","",K55-L55-M55-N($I55)-$P55*N(Settings!$D$20)) | O55: =IF($C55="",0,IFERROR(MATCH($C55,Settings!$D$11:$D$18,0),0)) | P55: =IF(LOWER(TRIM($J55&""))="x",1,0)
A56: 46029 | B56: BL26049 | C56: Amazon | D56: BL-202 | E56: 1 | F56: 60.88 | G56: 0 | H56: 0 | I56: 6.9 | K56: =IF(OR($A56="",$E56=""),"",IF($P56=1,0,N($E56)*N($F56)-N($G56)+N($H56))) | L56: =IF(K56="","",IF($P56=1,0,N($E56)*IFERROR(INDEX(Products!$D$8:$D$307,MATCH($D56,Products!$A$8:$A$307,0)),0))) | M56: =IF(OR(K56="",$O56=0),IF(K56="","",0),IF($P56=1,0,K56*(N(INDEX(Settings!$E$11:$E$18,$O56))+N(INDEX(Settings!$G$11:$G$18,$O56)))+N(INDEX(Settings!$F$11:$F$18,$O56)))) | N56: =IF(K56="","",K56-L56-M56-N($I56)-$P56*N(Settings!$D$20)) | O56: =IF($C56="",0,IFERROR(MATCH($C56,Settings!$D$11:$D$18,0),0)) | P56: =IF(LOWER(TRIM($J56&""))="x",1,0)
A57: 46029 | B57: BL26050 | C57: eBay | D57: BL-101 | E57: 1 | F57: 20.92 | G57: 0 | H57: 3.28 | I57: 4.4 | K57: =IF(OR($A57="",$E57=""),"",IF($P57=1,0,N($E57)*N($F57)-N($G57)+N($H57))) | L57: =IF(K57="","",IF($P57=1,0,N($E57)*IFERROR(INDEX(Products!$D$8:$D$307,MATCH($D57,Products!$A$8:$A$307,0)),0))) | M57: =IF(OR(K57="",$O57=0),IF(K57="","",0),IF($P57=1,0,K57*(N(INDEX(Settings!$E$11:$E$18,$O57))+N(INDEX(Settings!$G$11:$G$18,$O57)))+N(INDEX(Settings!$F$11:$F$18,$O57)))) | N57: =IF(K57="","",K57-L57-M57-N($I57)-$P57*N(Settings!$D$20)) | O57: =IF($C57="",0,IFERROR(MATCH($C57,Settings!$D$11:$D$18,0),0)) | P57: =IF(LOWER(TRIM($J57&""))="x",1,0)
A58: 46029 | B58: BL26051 | C58: eBay | D58: BL-104 | E58: 1 | F58: 8.32 | G58: 0 | H58: 3.28 | I58: 4.27 | K58: =IF(OR($A58="",$E58=""),"",IF($P58=1,0,N($E58)*N($F58)-N($G58)+N($H58))) | L58: =IF(K58="","",IF($P58=1,0,N($E58)*IFERROR(INDEX(Products!$D$8:$D$307,MATCH($D58,Products!$A$8:$A$307,0)),0))) | M58: =IF(OR(K58="",$O58=0),IF(K58="","",0),IF($P58=1,0,K58*(N(INDEX(Settings!$E$11:$E$18,$O58))+N(INDEX(Settings!$G$11:$G$18,$O58)))+N(INDEX(Settings!$F$11:$F$18,$O58)))) | N58: =IF(K58="","",K58-L58-M58-N($I58)-$P58*N(Settings!$D$20)) | O58: =IF($C58="",0,IFERROR(MATCH($C58,Settings!$D$11:$D$18,0),0)) | P58: =IF(LOWER(TRIM($J58&""))="x",1,0)
A59: 46030 | B59: BL26052 | C59: Own shop | D59: BL-204 | E59: 1 | F59: 19.24 | G59: 0 | H59: 4.12 | I59: 4.76 | K59: =IF(OR($A59="",$E59=""),"",IF($P59=1,0,N($E59)*N($F59)-N($G59)+N($H59))) | L59: =IF(K59="","",IF($P59=1,0,N($E59)*IFERROR(INDEX(Products!$D$8:$D$307,MATCH($D59,Products!$A$8:$A$307,0)),0))) | M59: =IF(OR(K59="",$O59=0),IF(K59="","",0),IF($P59=1,0,K59*(N(INDEX(Settings!$E$11:$E$18,$O59))+N(INDEX(Settings!$G$11:$G$18,$O59)))+N(INDEX(Settings!$F$11:$F$18,$O59)))) | N59: =IF(K59="","",K59-L59-M59-N($I59)-$P59*N(Settings!$D$20)) | O59: =IF($C59="",0,IFERROR(MATCH($C59,Settings!$D$11:$D$18,0),0)) | P59: =IF(LOWER(TRIM($J59&""))="x",1,0)
A60: 46030 | B60: BL26053 | C60: Own shop | D60: BL-303 | E60: 1 | F60: 10 | G60: 0 | H60: 4.12 | I60: 4.47 | K60: =IF(OR($A60="",$E60=""),"",IF($P60=1,0,N($E60)*N($F60)-N($G60)+N($H60))) | L60: =IF(K60="","",IF($P60=1,0,N($E60)*IFERROR(INDEX(Products!$D$8:$D$307,MATCH($D60,Products!$A$8:$A$307,0)),0))) | M60: =IF(OR(K60="",$O60=0),IF(K60="","",0),IF($P60=1,0,K60*(N(INDEX(Settings!$E$11:$E$18,$O60))+N(INDEX(Settings!$G$11:$G$18,$O60)))+N(INDEX(Settings!$F$11:$F$18,$O60)))) | N60: =IF(K60="","",K60-L60-M60-N($I60)-$P60*N(Settings!$D$20)) | O60: =IF($C60="",0,IFERROR(MATCH($C60,Settings!$D$11:$D$18,0),0)) | P60: =IF(LOWER(TRIM($J60&""))="x",1,0)
A61: 46030 | B61: BL26054 | C61: Amazon | D61: BL-202 | E61: 1 | F61: 60.88 | G61: 0 | H61: 0 | I61: 6.9 | K61: =IF(OR($A61="",$E61=""),"",IF($P61=1,0,N($E61)*N($F61)-N($G61)+N($H61))) | L61: =IF(K61="","",IF($P61=1,0,N($E61)*IFERROR(INDEX(Products!$D$8:$D$307,MATCH($D61,Products!$A$8:$A$307,0)),0))) | M61: =IF(OR(K61="",$O61=0),IF(K61="","",0),IF($P61=1,0,K61*(N(INDEX(Settings!$E$11:$E$18,$O61))+N(INDEX(Settings!$G$11:$G$18,$O61)))+N(INDEX(Settings!$F$11:$F$18,$O61)))) | N61: =IF(K61="","",K61-L61-M61-N($I61)-$P61*N(Settings!$D$20)) | O61: =IF($C61="",0,IFERROR(MATCH($C61,Settings!$D$11:$D$18,0),0)) | P61: =IF(LOWER(TRIM($J61&""))="x",1,0)
A62: 46030 | B62: BL26055 | C62: Amazon | D62: BL-101 | E62: 1 | F62: 21.97 | G62: 0 | H62: 0 | I62: 4.6 | K62: =IF(OR($A62="",$E62=""),"",IF($P62=1,0,N($E62)*N($F62)-N($G62)+N($H62))) | L62: =IF(K62="","",IF($P62=1,0,N($E62)*IFERROR(INDEX(Products!$D$8:$D$307,MATCH($D62,Products!$A$8:$A$307,0)),0))) | M62: =IF(OR(K62="",$O62=0),IF(K62="","",0),IF($P62=1,0,K62*(N(INDEX(Settings!$E$11:$E$18,$O62))+N(INDEX(Settings!$G$11:$G$18,$O62)))+N(INDEX(Settings!$F$11:$F$18,$O62)))) | N62: =IF(K62="","",K62-L62-M62-N($I62)-$P62*N(Settings!$D$20)) | O62: =IF($C62="",0,IFERROR(MATCH($C62,Settings!$D$11:$D$18,0),0)) | P62: =IF(LOWER(TRIM($J62&""))="x",1,0)
A63: 46030 | B63: BL26056 | C63: eBay | D63: BL-203 | E63: 2 | F63: 16.72 | G63: 0 | H63: 3.28 | I63: 4.96 | K63: =IF(OR($A63="",$E63=""),"",IF($P63=1,0,N($E63)*N($F63)-N($G63)+N($H63))) | L63: =IF(K63="","",IF($P63=1,0,N($E63)*IFERROR(INDEX(Products!$D$8:$D$307,MATCH($D63,Products!$A$8:$A$307,0)),0))) | M63: =IF(OR(K63="",$O63=0),IF(K63="","",0),IF($P63=1,0,K63*(N(INDEX(Settings!$E$11:$E$18,$O63))+N(INDEX(Settings!$G$11:$G$18,$O63)))+N(INDEX(Settings!$F$11:$F$18,$O63)))) | N63: =IF(K63="","",K63-L63-M63-N($I63)-$P63*N(Settings!$D$20)) | O63: =IF($C63="",0,IFERROR(MATCH($C63,Settings!$D$11:$D$18,0),0)) | P63: =IF(LOWER(TRIM($J63&""))="x",1,0)
A64: 46030 | B64: BL26057 | C64: Amazon | D64: BL-302 | E64: 1 | F64: 35.21 | G64: 0 | H64: 0 | I64: 4.63 | K64: =IF(OR($A64="",$E64=""),"",IF($P64=1,0,N($E64)*N($F64)-N($G64)+N($H64))) | L64: =IF(K64="","",IF($P64=1,0,N($E64)*IFERROR(INDEX(Products!$D$8:$D$307,MATCH($D64,Products!$A$8:$A$307,0)),0))) | M64: =IF(OR(K64="",$O64=0),IF(K64="","",0),IF($P64=1,0,K64*(N(INDEX(Settings!$E$11:$E$18,$O64))+N(INDEX(Settings!$G$11:$G$18,$O64)))+N(INDEX(Settings!$F$11:$F$18,$O64)))) | N64: =IF(K64="","",K64-L64-M64-N($I64)-$P64*N(Settings!$D$20)) | O64: =IF($C64="",0,IFERROR(MATCH($C64,Settings!$D$11:$D$18,0),0)) | P64: =IF(LOWER(TRIM($J64&""))="x",1,0)
A65: 46030 | B65: BL26058 | C65: Own shop | D65: BL-201 | E65: 1 | F65: 12.52 | G65: 0 | H65: 4.12 | I65: 4.43 | K65: =IF(OR($A65="",$E65=""),"",IF($P65=1,0,N($E65)*N($F65)-N($G65)+N($H65))) | L65: =IF(K65="","",IF($P65=1,0,N($E65)*IFERROR(INDEX(Products!$D$8:$D$307,MATCH($D65,Products!$A$8:$A$307,0)),0))) | M65: =IF(OR(K65="",$O65=0),IF(K65="","",0),IF($P65=1,0,K65*(N(INDEX(Settings!$E$11:$E$18,$O65))+N(INDEX(Settings!$G$11:$G$18,$O65)))+N(INDEX(Settings!$F$11:$F$18,$O65)))) | N65: =IF(K65="","",K65-L65-M65-N($I65)-$P65*N(Settings!$D$20)) | O65: =IF($C65="",0,IFERROR(MATCH($C65,Settings!$D$11:$D$18,0),0)) | P65: =IF(LOWER(TRIM($J65&""))="x",1,0)
A66: 46030 | B66: BL26059 | C66: Own shop | D66: BL-401 | E66: 1 | F66: 23.45 | G66: 0 | H66: 4.12 | I66: 4.41 | K66: =IF(OR($A66="",$E66=""),"",IF($P66=1,0,N($E66)*N($F66)-N($G66)+N($H66))) | L66: =IF(K66="","",IF($P66=1,0,N($E66)*IFERROR(INDEX(Products!$D$8:$D$307,MATCH($D66,Products!$A$8:$A$307,0)),0))) | M66: =IF(OR(K66="",$O66=0),IF(K66="","",0),IF($P66=1,0,K66*(N(INDEX(Settings!$E$11:$E$18,$O66))+N(INDEX(Settings!$G$11:$G$18,$O66)))+N(INDEX(Settings!$F$11:$F$18,$O66)))) | N66: =IF(K66="","",K66-L66-M66-N($I66)-$P66*N(Settings!$D$20)) | O66: =IF($C66="",0,IFERROR(MATCH($C66,Settings!$D$11:$D$18,0),0)) | P66: =IF(LOWER(TRIM($J66&""))="x",1,0)
A67: 46030 | B67: BL26060 | C67: Etsy | D67: BL-102 | E67: 1 | F67: 14.2 | G67: 0 | H67: 3.28 | I67: 4.7 | K67: =IF(OR($A67="",$E67=""),"",IF($P67=1,0,N($E67)*N($F67)-N($G67)+N($H67))) | L67: =IF(K67="","",IF($P67=1,0,N($E67)*IFERROR(INDEX(Products!$D$8:$D$307,MATCH($D67,Products!$A$8:$A$307,0)),0))) | M67: =IF(OR(K67="",$O67=0),IF(K67="","",0),IF($P67=1,0,K67*(N(INDEX(Settings!$E$11:$E$18,$O67))+N(INDEX(Settings!$G$11:$G$18,$O67)))+N(INDEX(Settings!$F$11:$F$18,$O67)))) | N67: =IF(K67="","",K67-L67-M67-N($I67)-$P67*N(Settings!$D$20)) | O67: =IF($C67="",0,IFERROR(MATCH($C67,Settings!$D$11:$D$18,0),0)) | P67: =IF(LOWER(TRIM($J67&""))="x",1,0)
... A98: 46035 | B98: BL26091 | C98: Amazon | D98: BL-201 | E98: 2 | F98: 13.15 | G98: 0 | H98: 0 | I98: 4.18 | K98: =IF(OR($A98="",$E98=""),"",IF($P98=1,0,N($E98)*N($F98)-N($G98)+N($H98))) | L98: =IF(K98="","",IF($P98=1,0,N($E98)*IFERROR(INDEX(Products!$D$8:$D$307,MATCH($D98,Products!$A$8:$A$307,0)),0))) | M98: =IF(OR(K98="",$O98=0),IF(K98="","",0),IF($P98=1,0,K98*(N(INDEX(Settings!$E$11:$E$18,$O98))+N(INDEX(Settings!$G$11:$G$18,$O98)))+N(INDEX(Settings!$F$11:$F$18,$O98)))) | N98: =IF(K98="","",K98-L98-M98-N($I98)-$P98*N(Settings!$D$20)) | O98: =IF($C98="",0,IFERROR(MATCH($C98,Settings!$D$11:$D$18,0),0)) | P98: =IF(LOWER(TRIM($J98&""))="x",1,0)
A99: 46035 | B99: BL26092 | C99: Amazon | D99: BL-403 | E99: 2 | F99: 11.38 | G99: 0 | H99: 0 | I99: 4.37 | J99: x | K99: =IF(OR($A99="",$E99=""),"",IF($P99=1,0,N($E99)*N($F99)-N($G99)+N($H99))) | L99: =IF(K99="","",IF($P99=1,0,N($E99)*IFERROR(INDEX(Products!$D$8:$D$307,MATCH($D99,Products!$A$8:$A$307,0)),0))) | M99: =IF(OR(K99="",$O99=0),IF(K99="","",0),IF($P99=1,0,K99*(N(INDEX(Settings!$E$11:$E$18,$O99))+N(INDEX(Settings!$G$11:$G$18,$O99)))+N(INDEX(Settings!$F$11:$F$18,$O99)))) | N99: =IF(K99="","",K99-L99-M99-N($I99)-$P99*N(Settings!$D$20)) | O99: =IF($C99="",0,IFERROR(MATCH($C99,Settings!$D$11:$D$18,0),0)) | P99: =IF(LOWER(TRIM($J99&""))="x",1,0)
A100: 46035 | B100: BL26093 | C100: Own shop | D100: BL-101 | E100: 1 | F100: 20.92 | G100: 0 | H100: 4.12 | I100: 4.44 | K100: =IF(OR($A100="",$E100=""),"",IF($P100=1,0,N($E100)*N($F100)-N($G100)+N($H100))) | L100: =IF(K100="","",IF($P100=1,0,N($E100)*IFERROR(INDEX(Products!$D$8:$D$307,MATCH($D100,Products!$A$8:$A$307,0)),0))) | M100: =IF(OR(K100="",$O100=0),IF(K100="","",0),IF($P100=1,0,K100*(N(INDEX(Settings!$E$11:$E$18,$O100))+N(INDEX(Settings!$G$11:$G$18,$O100)))+N(INDEX(Settings!$F$11:$F$18,$O100)))) | N100: =IF(K100="","",K100-L100-M100-N($I100)-$P100*N(Settings!$D$20)) | O100: =IF($C100="",0,IFERROR(MATCH($C100,Settings!$D$11:$D$18,0),0)) | P100: =IF(LOWER(TRIM($J100&""))="x",1,0)
A101: 46035 | B101: BL26094 | C101: Own shop | D101: BL-403 | E101: 1 | F101: 10.84 | G101: 0 | H101: 4.12 | I101: 4.54 | K101: =IF(OR($A101="",$E101=""),"",IF($P101=1,0,N($E101)*N($F101)-N($G101)+N($H101))) | L101: =IF(K101="","",IF($P101=1,0,N($E101)*IFERROR(INDEX(Products!$D$8:$D$307,MATCH($D101,Products!$A$8:$A$307,0)),0))) | M101: =IF(OR(K101="",$O101=0),IF(K101="","",0),IF($P101=1,0,K101*(N(INDEX(Settings!$E$11:$E$18,$O101))+N(INDEX(Settings!$G$11:$G$18,$O101)))+N(INDEX(Settings!$F$11:$F$18,$O101)))) | N101: =IF(K101="","",K101-L101-M101-N($I101)-$P101*N(Settings!$D$20)) | O101: =IF($C101="",0,IFERROR(MATCH($C101,Settings!$D$11:$D$18,0),0)) | P101: =IF(LOWER(TRIM($J101&""))="x",1,0)
A102: 46035 | B102: BL26095 | C102: Own shop | D102: BL-104 | E102: 2 | F102: 8.32 | G102: 0 | H102: 4.12 | I102: 5.11 | K102: =IF(OR($A102="",$E102=""),"",IF($P102=1,0,N($E102)*N($F102)-N($G102)+N($H102))) | L102: =IF(K102="","",IF($P102=1,0,N($E102)*IFERROR(INDEX(Products!$D$8:$D$307,MATCH($D102,Products!$A$8:$A$307,0)),0))) | M102: =IF(OR(K102="",$O102=0),IF(K102="","",0),IF($P102=1,0,K102*(N(INDEX(Settings!$E$11:$E$18,$O102))+N(INDEX(Settings!$G$11:$G$18,$O102)))+N(INDEX(Settings!$F$11:$F$18,$O102)))) | N102: =IF(K102="","",K102-L102-M102-N($I102)-$P102*N(Settings!$D$20)) | O102: =IF($C102="",0,IFERROR(MATCH($C102,Settings!$D$11:$D$18,0),0)) | P102: =IF(LOWER(TRIM($J102&""))="x",1,0)
A103: 46035 | B103: BL26096 | C103: eBay | D103: BL-103 | E103: 2 | F103: 29.33 | G103: 0 | H103: 3.28 | I103: 4.69 | K103: =IF(OR($A103="",$E103=""),"",IF($P103=1,0,N($E103)*N($F103)-N($G103)+N($H103))) | L103: =IF(K103="","",IF($P103=1,0,N($E103)*IFERROR(INDEX(Products!$D$8:$D$307,MATCH($D103,Products!$A$8:$A$307,0)),0))) | M103: =IF(OR(K103="",$O103=0),IF(K103="","",0),IF($P103=1,0,K103*(N(INDEX(Settings!$E$11:$E$18,$O103))+N(INDEX(Settings!$G$11:$G$18,$O103)))+N(INDEX(Settings!$F$11:$F$18,$O103)))) | N103: =IF(K103="","",K103-L103-M103-N($I103)-$P103*N(Settings!$D$20)) | O103: =IF($C103="",0,IFERROR(MATCH($C103,Settings!$D$11:$D$18,0),0)) | P103: =IF(LOWER(TRIM($J103&""))="x",1,0)
A104: 46035 | B104: BL26097 | C104: Amazon | D104: BL-201 | E104: 1 | F104: 13.15 | G104: 0 | H104: 0 | I104: 4.9 | K104: =IF(OR($A104="",$E104=""),"",IF($P104=1,0,N($E104)*N($F104)-N($G104)+N($H104))) | L104: =IF(K104="","",IF($P104=1,0,N($E104)*IFERROR(INDEX(Products!$D$8:$D$307,MATCH($D104,Products!$A$8:$A$307,0)),0))) | M104: =IF(OR(K104="",$O104=0),IF(K104="","",0),IF($P104=1,0,K104*(N(INDEX(Settings!$E$11:$E$18,$O104))+N(INDEX(Settings!$G$11:$G$18,$O104)))+N(INDEX(Settings!$F$11:$F$18,$O104)))) | N104: =IF(K104="","",K104-L104-M104-N($I104)-$P104*N(Settings!$D$20)) | O104: =IF($C104="",0,IFERROR(MATCH($C104,Settings!$D$11:$D$18,0),0)) | P104: =IF(LOWER(TRIM($J104&""))="x",1,0)
A105: 46036 | B105: BL26098 | C105: Own shop | D105: BL-202 | E105: 1 | F105: 57.98 | G105: 0 | H105: 0 | I105: 6.9 | K105: =IF(OR($A105="",$E105=""),"",IF($P105=1,0,N($E105)*N($F105)-N($G105)+N($H105))) | L105: =IF(K105="","",IF($P105=1,0,N($E105)*IFERROR(INDEX(Products!$D$8:$D$307,MATCH($D105,Products!$A$8:$A$307,0)),0))) | M105: =IF(OR(K105="",$O105=0),IF(K105="","",0),IF($P105=1,0,K105*(N(INDEX(Settings!$E$11:$E$18,$O105))+N(INDEX(Settings!$G$11:$G$18,$O105)))+N(INDEX(Settings!$F$11:$F$18,$O105)))) | N105: =IF(K105="","",K105-L105-M105-N($I105)-$P105*N(Settings!$D$20)) | O105: =IF($C105="",0,IFERROR(MATCH($C105,Settings!$D$11:$D$18,0),0)) | P105: =IF(LOWER(TRIM($J105&""))="x",1,0)
A106: 46036 | B106: BL26099 | C106: Own shop | D106: BL-101 | E106: 1 | F106: 20.92 | G106: 0 | H106: 4.12 | I106: 4.44 | K106: =IF(OR($A106="",$E106=""),"",IF($P106=1,0,N($E106)*N($F106)-N($G106)+N($H106))) | L106: =IF(K106="","",IF($P106=1,0,N($E106)*IFERROR(INDEX(Products!$D$8:$D$307,MATCH($D106,Products!$A$8:$A$307,0)),0))) | M106: =IF(OR(K106="",$O106=0),IF(K106="","",0),IF($P106=1,0,K106*(N(INDEX(Settings!$E$11:$E$18,$O106))+N(INDEX(Settings!$G$11:$G$18,$O106)))+N(INDEX(Settings!$F$11:$F$18,$O106)))) | N106: =IF(K106="","",K106-L106-M106-N($I106)-$P106*N(Settings!$D$20)) | O106: =IF($C106="",0,IFERROR(MATCH($C106,Settings!$D$11:$D$18,0),0)) | P106: =IF(LOWER(TRIM($J106&""))="x",1,0)
A107: 46036 | B107: BL26100 | C107: Own shop | D107: BL-104 | E107: 2 | F107: 8.32 | G107: 0 | H107: 4.12 | I107: 4.73 | K107: =IF(OR($A107="",$E107=""),"",IF($P107=1,0,N($E107)*N($F107)-N($G107)+N($H107))) | L107: =IF(K107="","",IF($P107=1,0,N($E107)*IFERROR(INDEX(Products!$D$8:$D$307,MATCH($D107,Products!$A$8:$A$307,0)),0))) | M107: =IF(OR(K107="",$O107=0),IF(K107="","",0),IF($P107=1,0,K107*(N(INDEX(Settings!$E$11:$E$18,$O107))+N(INDEX(Settings!$G$11:$G$18,$O107)))+N(INDEX(Settings!$F$11:$F$18,$O107)))) | N107: =IF(K107="","",K107-L107-M107-N($I107)-$P107*N(Settings!$D$20)) | O107: =IF($C107="",0,IFERROR(MATCH($C107,Settings!$D$11:$D$18,0),0)) | P107: =IF(LOWER(TRIM($J107&""))="x",1,0)
A108: 46036 | B108: BL26101 | C108: Own shop | D108: BL-302 | E108: 2 | F108: 33.53 | G108: 0 | H108: 0 | I108: 4.41 | K108: =IF(OR($A108="",$E108=""),"",IF($P108=1,0,N($E108)*N($F108)-N($G108)+N($H108))) | L108: =IF(K108="","",IF($P108=1,0,N($E108)*IFERROR(INDEX(Products!$D$8:$D$307,MATCH($D108,Products!$A$8:$A$307,0)),0))) | M108: =IF(OR(K108="",$O108=0),IF(K108="","",0),IF($P108=1,0,K108*(N(INDEX(Settings!$E$11:$E$18,$O108))+N(INDEX(Settings!$G$11:$G$18,$O108)))+N(INDEX(Settings!$F$11:$F$18,$O108)))) | N108: =IF(K108="","",K108-L108-M108-N($I108)-$P108*N(Settings!$D$20)) | O108: =IF($C108="",0,IFERROR(MATCH($C108,Settings!$D$11:$D$18,0),0)) | P108: =IF(LOWER(TRIM($J108&""))="x",1,0)
A109: 46036 | B109: BL26102 | C109: Own shop | D109: BL-201 | E109: 1 | F109: 12.52 | G109: 0 | H109: 4.12 | I109: 4.71 | K109: =IF(OR($A109="",$E109=""),"",IF($P109=1,0,N($E109)*N($F109)-N($G109)+N($H109))) | L109: =IF(K109="","",IF($P109=1,0,N($E109)*IFERROR(INDEX(Products!$D$8:$D$307,MATCH($D109,Products!$A$8:$A$307,0)),0))) | M109: =IF(OR(K109="",$O109=0),IF(K109="","",0),IF($P109=1,0,K109*(N(INDEX(Settings!$E$11:$E$18,$O109))+N(INDEX(Settings!$G$11:$G$18,$O109)))+N(INDEX(Settings!$F$11:$F$18,$O109)))) | N109: =IF(K109="","",K109-L109-M109-N($I109)-$P109*N(Settings!$D$20)) | O109: =IF($C109="",0,IFERROR(MATCH($C109,Settings!$D$11:$D$18,0),0)) | P109: =IF(LOWER(TRIM($J109&""))="x",1,0)
A110: 46036 | B110: BL26103 | C110: Amazon | D110: BL-303 | E110: 1 | F110: 10.5 | G110: 0 | H110: 0 | I110: 4.59 | K110: =IF(OR($A110="",$E110=""),"",IF($P110=1,0,N($E110)*N($F110)-N($G110)+N($H110))) | L110: =IF(K110="","",IF($P110=1,0,N($E110)*IFERROR(INDEX(Products!$D$8:$D$307,MATCH($D110,Products!$A$8:$A$307,0)),0))) | M110: =IF(OR(K110="",$O110=0),IF(K110="","",0),IF($P110=1,0,K110*(N(INDEX(Settings!$E$11:$E$18,$O110))+N(INDEX(Settings!$G$11:$G$18,$O110)))+N(INDEX(Settings!$F$11:$F$18,$O110)))) | N110: =IF(K110="","",K110-L110-M110-N($I110)-$P110*N(Settings!$D$20)) | O110: =IF($C110="",0,IFERROR(MATCH($C110,Settings!$D$11:$D$18,0),0)) | P110: =IF(LOWER(TRIM($J110&""))="x",1,0)
A111: 46036 | B111: BL26104 | C111: Amazon | D111: BL-403 | E111: 1 | F111: 11.38 | G111: 0 | H111: 0 | I111: 4.87 | K111: =IF(OR($A111="",$E111=""),"",IF($P111=1,0,N($E111)*N($F111)-N($G111)+N($H111))) | L111: =IF(K111="","",IF($P111=1,0,N($E111)*IFERROR(INDEX(Products!$D$8:$D$307,MATCH($D111,Products!$A$8:$A$307,0)),0))) | M111: =IF(OR(K111="",$O111=0),IF(K111="","",0),IF($P111=1,0,K111*(N(INDEX(Settings!$E$11:$E$18,$O111))+N(INDEX(Settings!$G$11:$G$18,$O111)))+N(INDEX(Settings!$F$11:$F$18,$O111)))) | N111: =IF(K111="","",K111-L111-M111-N($I111)-$P111*N(Settings!$D$20)) | O111: =IF($C111="",0,IFERROR(MATCH($C111,Settings!$D$11:$D$18,0),0)) | P111: =IF(LOWER(TRIM($J111&""))="x",1,0)
... A126: 46039 | B126: BL26119 | C126: Amazon | D126: BL-303 | E126: 1 | F126: 10.5 | G126: 0 | H126: 0 | I126: 4.11 | K126: =IF(OR($A126="",$E126=""),"",IF($P126=1,0,N($E126)*N($F126)-N($G126)+N($H126))) | L126: =IF(K126="","",IF($P126=1,0,N($E126)*IFERROR(INDEX(Products!$D$8:$D$307,MATCH($D126,Products!$A$8:$A$307,0)),0))) | M126: =IF(OR(K126="",$O126=0),IF(K126="","",0),IF($P126=1,0,K126*(N(INDEX(Settings!$E$11:$E$18,$O126))+N(INDEX(Settings!$G$11:$G$18,$O126)))+N(INDEX(Settings!$F$11:$F$18,$O126)))) | N126: =IF(K126="","",K126-L126-M126-N($I126)-$P126*N(Settings!$D$20)) | O126: =IF($C126="",0,IFERROR(MATCH($C126,Settings!$D$11:$D$18,0),0)) | P126: =IF(LOWER(TRIM($J126&""))="x",1,0)
A127: 46039 | B127: BL26120 | C127: Amazon | D127: BL-103 | E127: 1 | F127: 30.79 | G127: 0 | H127: 0 | I127: 4.45 | J127: x | K127: =IF(OR($A127="",$E127=""),"",IF($P127=1,0,N($E127)*N($F127)-N($G127)+N($H127))) | L127: =IF(K127="","",IF($P127=1,0,N($E127)*IFERROR(INDEX(Products!$D$8:$D$307,MATCH($D127,Products!$A$8:$A$307,0)),0))) | M127: =IF(OR(K127="",$O127=0),IF(K127="","",0),IF($P127=1,0,K127*(N(INDEX(Settings!$E$11:$E$18,$O127))+N(INDEX(Settings!$G$11:$G$18,$O127)))+N(INDEX(Settings!$F$11:$F$18,$O127)))) | N127: =IF(K127="","",K127-L127-M127-N($I127)-$P127*N(Settings!$D$20)) | O127: =IF($C127="",0,IFERROR(MATCH($C127,Settings!$D$11:$D$18,0),0)) | P127: =IF(LOWER(TRIM($J127&""))="x",1,0)
A128: 46039 | B128: BL26121 | C128: Own shop | D128: BL-201 | E128: 1 | F128: 12.52 | G128: 0 | H128: 4.12 | I128: 4.54 | K128: =IF(OR($A128="",$E128=""),"",IF($P128=1,0,N($E128)*N($F128)-N($G128)+N($H128))) | L128: =IF(K128="","",IF($P128=1,0,N($E128)*IFERROR(INDEX(Products!$D$8:$D$307,MATCH($D128,Products!$A$8:$A$307,0)),0))) | M128: =IF(OR(K128="",$O128=0),IF(K128="","",0),IF($P128=1,0,K128*(N(INDEX(Settings!$E$11:$E$18,$O128))+N(INDEX(Settings!$G$11:$G$18,$O128)))+N(INDEX(Settings!$F$11:$F$18,$O128)))) | N128: =IF(K128="","",K128-L128-M128-N($I128)-$P128*N(Settings!$D$20)) | O128: =IF($C128="",0,IFERROR(MATCH($C128,Settings!$D$11:$D$18,0),0)) | P128: =IF(LOWER(TRIM($J128&""))="x",1,0)
A129: 46039 | B129: BL26122 | C129: eBay | D129: BL-403 | E129: 1 | F129: 10.84 | G129: 0 | H129: 3.28 | I129: 4.84 | K129: =IF(OR($A129="",$E129=""),"",IF($P129=1,0,N($E129)*N($F129)-N($G129)+N($H129))) | L129: =IF(K129="","",IF($P129=1,0,N($E129)*IFERROR(INDEX(Products!$D$8:$D$307,MATCH($D129,Products!$A$8:$A$307,0)),0))) | M129: =IF(OR(K129="",$O129=0),IF(K129="","",0),IF($P129=1,0,K129*(N(INDEX(Settings!$E$11:$E$18,$O129))+N(INDEX(Settings!$G$11:$G$18,$O129)))+N(INDEX(Settings!$F$11:$F$18,$O129)))) | N129: =IF(K129="","",K129-L129-M129-N($I129)-$P129*N(Settings!$D$20)) | O129: =IF($C129="",0,IFERROR(MATCH($C129,Settings!$D$11:$D$18,0),0)) | P129: =IF(LOWER(TRIM($J129&""))="x",1,0)
A130: 46039 | B130: BL26123 | C130: eBay | D130: BL-201 | E130: 1 | F130: 12.52 | G130: 0 | H130: 3.28 | I130: 4.85 | K130: =IF(OR($A130="",$E130=""),"",IF($P130=1,0,N($E130)*N($F130)-N($G130)+N($H130))) | L130: =IF(K130="","",IF($P130=1,0,N($E130)*IFERROR(INDEX(Products!$D$8:$D$307,MATCH($D130,Products!$A$8:$A$307,0)),0))) | M130: =IF(OR(K130="",$O130=0),IF(K130="","",0),IF($P130=1,0,K130*(N(INDEX(Settings!$E$11:$E$18,$O130))+N(INDEX(Settings!$G$11:$G$18,$O130)))+N(INDEX(Settings!$F$11:$F$18,$O130)))) | N130: =IF(K130="","",K130-L130-M130-N($I130)-$P130*N(Settings!$D$20)) | O130: =IF($C130="",0,IFERROR(MATCH($C130,Settings!$D$11:$D$18,0),0)) | P130: =IF(LOWER(TRIM($J130&""))="x",1,0)
A131: 46039 | B131: BL26124 | C131: Own shop | D131: BL-101 | E131: 2 | F131: 20.92 | G131: 0 | H131: 4.12 | I131: 4.74 | K131: =IF(OR($A131="",$E131=""),"",IF($P131=1,0,N($E131)*N($F131)-N($G131)+N($H131))) | L131: =IF(K131="","",IF($P131=1,0,N($E131)*IFERROR(INDEX(Products!$D$8:$D$307,MATCH($D131,Products!$A$8:$A$307,0)),0))) | M131: =IF(OR(K131="",$O131=0),IF(K131="","",0),IF($P131=1,0,K131*(N(INDEX(Settings!$E$11:$E$18,$O131))+N(INDEX(Settings!$G$11:$G$18,$O131)))+N(INDEX(Settings!$F$11:$F$18,$O131)))) | N131: =IF(K131="","",K131-L131-M131-N($I131)-$P131*N(Settings!$D$20)) | O131: =IF($C131="",0,IFERROR(MATCH($C131,Settings!$D$11:$D$18,0),0)) | P131: =IF(LOWER(TRIM($J131&""))="x",1,0)
A132: 46040 | B132: BL26125 | C132: Amazon | D132: BL-104 | E132: 1 | F132: 8.74 | G132: 0 | H132: 0 | I132: 4.4 | K132: =IF(OR($A132="",$E132=""),"",IF($P132=1,0,N($E132)*N($F132)-N($G132)+N($H132))) | L132: =IF(K132="","",IF($P132=1,0,N($E132)*IFERROR(INDEX(Products!$D$8:$D$307,MATCH($D132,Products!$A$8:$A$307,0)),0))) | M132: =IF(OR(K132="",$O132=0),IF(K132="","",0),IF($P132=1,0,K132*(N(INDEX(Settings!$E$11:$E$18,$O132))+N(INDEX(Settings!$G$11:$G$18,$O132)))+N(INDEX(Settings!$F$11:$F$18,$O132)))) | N132: =IF(K132="","",K132-L132-M132-N($I132)-$P132*N(Settings!$D$20)) | O132: =IF($C132="",0,IFERROR(MATCH($C132,Settings!$D$11:$D$18,0),0)) | P132: =IF(LOWER(TRIM($J132&""))="x",1,0)
A133: 46040 | B133: BL26126 | C133: Own shop | D133: BL-303 | E133: 1 | F133: 10 | G133: 0 | H133: 4.12 | I133: 5.09 | K133: =IF(OR($A133="",$E133=""),"",IF($P133=1,0,N($E133)*N($F133)-N($G133)+N($H133))) | L133: =IF(K133="","",IF($P133=1,0,N($E133)*IFERROR(INDEX(Products!$D$8:$D$307,MATCH($D133,Products!$A$8:$A$307,0)),0))) | M133: =IF(OR(K133="",$O133=0),IF(K133="","",0),IF($P133=1,0,K133*(N(INDEX(Settings!$E$11:$E$18,$O133))+N(INDEX(Settings!$G$11:$G$18,$O133)))+N(INDEX(Settings!$F$11:$F$18,$O133)))) | N133: =IF(K133="","",K133-L133-M133-N($I133)-$P133*N(Settings!$D$20)) | O133: =IF($C133="",0,IFERROR(MATCH($C133,Settings!$D$11:$D$18,0),0)) | P133: =IF(LOWER(TRIM($J133&""))="x",1,0)
A134: 46040 | B134: BL26127 | C134: eBay | D134: BL-302 | E134: 1 | F134: 33.53 | G134: 0 | H134: 3.28 | I134: 4.33 | K134: =IF(OR($A134="",$E134=""),"",IF($P134=1,0,N($E134)*N($F134)-N($G134)+N($H134))) | L134: =IF(K134="","",IF($P134=1,0,N($E134)*IFERROR(INDEX(Products!$D$8:$D$307,MATCH($D134,Products!$A$8:$A$307,0)),0))) | M134: =IF(OR(K134="",$O134=0),IF(K134="","",0),IF($P134=1,0,K134*(N(INDEX(Settings!$E$11:$E$18,$O134))+N(INDEX(Settings!$G$11:$G$18,$O134)))+N(INDEX(Settings!$F$11:$F$18,$O134)))) | N134: =IF(K134="","",K134-L134-M134-N($I134)-$P134*N(Settings!$D$20)) | O134: =IF($C134="",0,IFERROR(MATCH($C134,Settings!$D$11:$D$18,0),0)) | P134: =IF(LOWER(TRIM($J134&""))="x",1,0)
A135: 46040 | B135: BL26128 | C135: eBay | D135: BL-104 | E135: 1 | F135: 8.32 | G135: 0 | H135: 3.28 | I135: 4.7 | K135: =IF(OR($A135="",$E135=""),"",IF($P135=1,0,N($E135)*N($F135)-N($G135)+N($H135))) | L135: =IF(K135="","",IF($P135=1,0,N($E135)*IFERROR(INDEX(Products!$D$8:$D$307,MATCH($D135,Products!$A$8:$A$307,0)),0))) | M135: =IF(OR(K135="",$O135=0),IF(K135="","",0),IF($P135=1,0,K135*(N(INDEX(Settings!$E$11:$E$18,$O135))+N(INDEX(Settings!$G$11:$G$18,$O135)))+N(INDEX(Settings!$F$11:$F$18,$O135)))) | N135: =IF(K135="","",K135-L135-M135-N($I135)-$P135*N(Settings!$D$20)) | O135: =IF($C135="",0,IFERROR(MATCH($C135,Settings!$D$11:$D$18,0),0)) | P135: =IF(LOWER(TRIM($J135&""))="x",1,0)
A136: 46040 | B136: BL26129 | C136: Own shop | D136: BL-201 | E136: 1 | F136: 12.52 | G136: 0 | H136: 4.12 | I136: 5.09 | K136: =IF(OR($A136="",$E136=""),"",IF($P136=1,0,N($E136)*N($F136)-N($G136)+N($H136))) | L136: =IF(K136="","",IF($P136=1,0,N($E136)*IFERROR(INDEX(Products!$D$8:$D$307,MATCH($D136,Products!$A$8:$A$307,0)),0))) | M136: =IF(OR(K136="",$O136=0),IF(K136="","",0),IF($P136=1,0,K136*(N(INDEX(Settings!$E$11:$E$18,$O136))+N(INDEX(Settings!$G$11:$G$18,$O136)))+N(INDEX(Settings!$F$11:$F$18,$O136)))) | N136: =IF(K136="","",K136-L136-M136-N($I136)-$P136*N(Settings!$D$20)) | O136: =IF($C136="",0,IFERROR(MATCH($C136,Settings!$D$11:$D$18,0),0)) | P136: =IF(LOWER(TRIM($J136&""))="x",1,0)
A137: 46041 | B137: BL26130 | C137: Own shop | D137: BL-301 | E137: 1 | F137: 18.4 | G137: 0 | H137: 4.12 | I137: 4.51 | K137: =IF(OR($A137="",$E137=""),"",IF($P137=1,0,N($E137)*N($F137)-N($G137)+N($H137))) | L137: =IF(K137="","",IF($P137=1,0,N($E137)*IFERROR(INDEX(Products!$D$8:$D$307,MATCH($D137,Products!$A$8:$A$307,0)),0))) | M137: =IF(OR(K137="",$O137=0),IF(K137="","",0),IF($P137=1,0,K137*(N(INDEX(Settings!$E$11:$E$18,$O137))+N(INDEX(Settings!$G$11:$G$18,$O137)))+N(INDEX(Settings!$F$11:$F$18,$O137)))) | N137: =IF(K137="","",K137-L137-M137-N($I137)-$P137*N(Settings!$D$20)) | O137: =IF($C137="",0,IFERROR(MATCH($C137,Settings!$D$11:$D$18,0),0)) | P137: =IF(LOWER(TRIM($J137&""))="x",1,0)
A138: 46041 | B138: BL26131 | C138: Own shop | D138: BL-104 | E138: 1 | F138: 8.32 | G138: 0 | H138: 4.12 | I138: 5.09 | K138: =IF(OR($A138="",$E138=""),"",IF($P138=1,0,N($E138)*N($F138)-N($G138)+N($H138))) | L138: =IF(K138="","",IF($P138=1,0,N($E138)*IFERROR(INDEX(Products!$D$8:$D$307,MATCH($D138,Products!$A$8:$A$307,0)),0))) | M138: =IF(OR(K138="",$O138=0),IF(K138="","",0),IF($P138=1,0,K138*(N(INDEX(Settings!$E$11:$E$18,$O138))+N(INDEX(Settings!$G$11:$G$18,$O138)))+N(INDEX(Settings!$F$11:$F$18,$O138)))) | N138: =IF(K138="","",K138-L138-M138-N($I138)-$P138*N(Settings!$D$20)) | O138: =IF($C138="",0,IFERROR(MATCH($C138,Settings!$D$11:$D$18,0),0)) | P138: =IF(LOWER(TRIM($J138&""))="x",1,0)
A139: 46041 | B139: BL26132 | C139: Amazon | D139: BL-303 | E139: 1 | F139: 10.5 | G139: 0 | H139: 0 | I139: 4.17 | K139: =IF(OR($A139="",$E139=""),"",IF($P139=1,0,N($E139)*N($F139)-N($G139)+N($H139))) | L139: =IF(K139="","",IF($P139=1,0,N($E139)*IFERROR(INDEX(Products!$D$8:$D$307,MATCH($D139,Products!$A$8:$A$307,0)),0))) | M139: =IF(OR(K139="",$O139=0),IF(K139="","",0),IF($P139=1,0,K139*(N(INDEX(Settings!$E$11:$E$18,$O139))+N(INDEX(Settings!$G$11:$G$18,$O139)))+N(INDEX(Settings!$F$11:$F$18,$O139)))) | N139: =IF(K139="","",K139-L139-M139-N($I139)-$P139*N(Settings!$D$20)) | O139: =IF($C139="",0,IFERROR(MATCH($C139,Settings!$D$11:$D$18,0),0)) | P139: =IF(LOWER(TRIM($J139&""))="x",1,0)
... A158: 46043 | B158: BL26151 | C158: Etsy | D158: BL-203 | E158: 1 | F158: 16.72 | G158: 0 | H158: 3.28 | I158: 5.13 | K158: =IF(OR($A158="",$E158=""),"",IF($P158=1,0,N($E158)*N($F158)-N($G158)+N($H158))) | L158: =IF(K158="","",IF($P158=1,0,N($E158)*IFERROR(INDEX(Products!$D$8:$D$307,MATCH($D158,Products!$A$8:$A$307,0)),0))) | M158: =IF(OR(K158="",$O158=0),IF(K158="","",0),IF($P158=1,0,K158*(N(INDEX(Settings!$E$11:$E$18,$O158))+N(INDEX(Settings!$G$11:$G$18,$O158)))+N(INDEX(Settings!$F$11:$F$18,$O158)))) | N158: =IF(K158="","",K158-L158-M158-N($I158)-$P158*N(Settings!$D$20)) | O158: =IF($C158="",0,IFERROR(MATCH($C158,Settings!$D$11:$D$18,0),0)) | P158: =IF(LOWER(TRIM($J158&""))="x",1,0)
A159: 46044 | B159: BL26152 | C159: Own shop | D159: BL-401 | E159: 2 | F159: 23.45 | G159: 0 | H159: 0 | I159: 4.5 | J159: x | K159: =IF(OR($A159="",$E159=""),"",IF($P159=1,0,N($E159)*N($F159)-N($G159)+N($H159))) | L159: =IF(K159="","",IF($P159=1,0,N($E159)*IFERROR(INDEX(Products!$D$8:$D$307,MATCH($D159,Products!$A$8:$A$307,0)),0))) | M159: =IF(OR(K159="",$O159=0),IF(K159="","",0),IF($P159=1,0,K159*(N(INDEX(Settings!$E$11:$E$18,$O159))+N(INDEX(Settings!$G$11:$G$18,$O159)))+N(INDEX(Settings!$F$11:$F$18,$O159)))) | N159: =IF(K159="","",K159-L159-M159-N($I159)-$P159*N(Settings!$D$20)) | O159: =IF($C159="",0,IFERROR(MATCH($C159,Settings!$D$11:$D$18,0),0)) | P159: =IF(LOWER(TRIM($J159&""))="x",1,0)
A160: 46044 | B160: BL26153 | C160: Own shop | D160: BL-202 | E160: 1 | F160: 57.98 | G160: 0 | H160: 0 | I160: 6.9 | J160: x | K160: =IF(OR($A160="",$E160=""),"",IF($P160=1,0,N($E160)*N($F160)-N($G160)+N($H160))) | L160: =IF(K160="","",IF($P160=1,0,N($E160)*IFERROR(INDEX(Products!$D$8:$D$307,MATCH($D160,Products!$A$8:$A$307,0)),0))) | M160: =IF(OR(K160="",$O160=0),IF(K160="","",0),IF($P160=1,0,K160*(N(INDEX(Settings!$E$11:$E$18,$O160))+N(INDEX(Settings!$G$11:$G$18,$O160)))+N(INDEX(Settings!$F$11:$F$18,$O160)))) | N160: =IF(K160="","",K160-L160-M160-N($I160)-$P160*N(Settings!$D$20)) | O160: =IF($C160="",0,IFERROR(MATCH($C160,Settings!$D$11:$D$18,0),0)) | P160: =IF(LOWER(TRIM($J160&""))="x",1,0)
A161: 46044 | B161: BL26154 | C161: Own shop | D161: BL-403 | E161: 1 | F161: 10.84 | G161: 0 | H161: 4.12 | I161: 4.19 | K161: =IF(OR($A161="",$E161=""),"",IF($P161=1,0,N($E161)*N($F161)-N($G161)+N($H161))) | L161: =IF(K161="","",IF($P161=1,0,N($E161)*IFERROR(INDEX(Products!$D$8:$D$307,MATCH($D161,Products!$A$8:$A$307,0)),0))) | M161: =IF(OR(K161="",$O161=0),IF(K161="","",0),IF($P161=1,0,K161*(N(INDEX(Settings!$E$11:$E$18,$O161))+N(INDEX(Settings!$G$11:$G$18,$O161)))+N(INDEX(Settings!$F$11:$F$18,$O161)))) | N161: =IF(K161="","",K161-L161-M161-N($I161)-$P161*N(Settings!$D$20)) | O161: =IF($C161="",0,IFERROR(MATCH($C161,Settings!$D$11:$D$18,0),0)) | P161: =IF(LOWER(TRIM($J161&""))="x",1,0)
A162: 46044 | B162: BL26155 | C162: Etsy | D162: BL-301 | E162: 1 | F162: 18.4 | G162: 0 | H162: 3.28 | I162: 4.16 | K162: =IF(OR($A162="",$E162=""),"",IF($P162=1,0,N($E162)*N($F162)-N($G162)+N($H162))) | L162: =IF(K162="","",IF($P162=1,0,N($E162)*IFERROR(INDEX(Products!$D$8:$D$307,MATCH($D162,Products!$A$8:$A$307,0)),0))) | M162: =IF(OR(K162="",$O162=0),IF(K162="","",0),IF($P162=1,0,K162*(N(INDEX(Settings!$E$11:$E$18,$O162))+N(INDEX(Settings!$G$11:$G$18,$O162)))+N(INDEX(Settings!$F$11:$F$18,$O162)))) | N162: =IF(K162="","",K162-L162-M162-N($I162)-$P162*N(Settings!$D$20)) | O162: =IF($C162="",0,IFERROR(MATCH($C162,Settings!$D$11:$D$18,0),0)) | P162: =IF(LOWER(TRIM($J162&""))="x",1,0)
A163: 46044 | B163: BL26156 | C163: Amazon | D163: BL-201 | E163: 1 | F163: 13.15 | G163: 0 | H163: 0 | I163: 5.09 | K163: =IF(OR($A163="",$E163=""),"",IF($P163=1,0,N($E163)*N($F163)-N($G163)+N($H163))) | L163: =IF(K163="","",IF($P163=1,0,N($E163)*IFERROR(INDEX(Products!$D$8:$D$307,MATCH($D163,Products!$A$8:$A$307,0)),0))) | M163: =IF(OR(K163="",$O163=0),IF(K163="","",0),IF($P163=1,0,K163*(N(INDEX(Settings!$E$11:$E$18,$O163))+N(INDEX(Settings!$G$11:$G$18,$O163)))+N(INDEX(Settings!$F$11:$F$18,$O163)))) | N163: =IF(K163="","",K163-L163-M163-N($I163)-$P163*N(Settings!$D$20)) | O163: =IF($C163="",0,IFERROR(MATCH($C163,Settings!$D$11:$D$18,0),0)) | P163: =IF(LOWER(TRIM($J163&""))="x",1,0)
A164: 46044 | B164: BL26157 | C164: Amazon | D164: BL-101 | E164: 2 | F164: 21.97 | G164: 0 | H164: 0 | I164: 4.95 | K164: =IF(OR($A164="",$E164=""),"",IF($P164=1,0,N($E164)*N($F164)-N($G164)+N($H164))) | L164: =IF(K164="","",IF($P164=1,0,N($E164)*IFERROR(INDEX(Products!$D$8:$D$307,MATCH($D164,Products!$A$8:$A$307,0)),0))) | M164: =IF(OR(K164="",$O164=0),IF(K164="","",0),IF($P164=1,0,K164*(N(INDEX(Settings!$E$11:$E$18,$O164))+N(INDEX(Settings!$G$11:$G$18,$O164)))+N(INDEX(Settings!$F$11:$F$18,$O164)))) | N164: =IF(K164="","",K164-L164-M164-N($I164)-$P164*N(Settings!$D$20)) | O164: =IF($C164="",0,IFERROR(MATCH($C164,Settings!$D$11:$D$18,0),0)) | P164: =IF(LOWER(TRIM($J164&""))="x",1,0)
A165: 46044 | B165: BL26158 | C165: eBay | D165: BL-401 | E165: 1 | F165: 23.45 | G165: 0 | H165: 3.28 | I165: 4.52 | K165: =IF(OR($A165="",$E165=""),"",IF($P165=1,0,N($E165)*N($F165)-N($G165)+N($H165))) | L165: =IF(K165="","",IF($P165=1,0,N($E165)*IFERROR(INDEX(Products!$D$8:$D$307,MATCH($D165,Products!$A$8:$A$307,0)),0))) | M165: =IF(OR(K165="",$O165=0),IF(K165="","",0),IF($P165=1,0,K165*(N(INDEX(Settings!$E$11:$E$18,$O165))+N(INDEX(Settings!$G$11:$G$18,$O165)))+N(INDEX(Settings!$F$11:$F$18,$O165)))) | N165: =IF(K165="","",K165-L165-M165-N($I165)-$P165*N(Settings!$D$20)) | O165: =IF($C165="",0,IFERROR(MATCH($C165,Settings!$D$11:$D$18,0),0)) | P165: =IF(LOWER(TRIM($J165&""))="x",1,0)
A166: 46045 | B166: BL26159 | C166: Own shop | D166: BL-303 | E166: 1 | F166: 10 | G166: 0 | H166: 4.12 | I166: 5.19 | K166: =IF(OR($A166="",$E166=""),"",IF($P166=1,0,N($E166)*N($F166)-N($G166)+N($H166))) | L166: =IF(K166="","",IF($P166=1,0,N($E166)*IFERROR(INDEX(Products!$D$8:$D$307,MATCH($D166,Products!$A$8:$A$307,0)),0))) | M166: =IF(OR(K166="",$O166=0),IF(K166="","",0),IF($P166=1,0,K166*(N(INDEX(Settings!$E$11:$E$18,$O166))+N(INDEX(Settings!$G$11:$G$18,$O166)))+N(INDEX(Settings!$F$11:$F$18,$O166)))) | N166: =IF(K166="","",K166-L166-M166-N($I166)-$P166*N(Settings!$D$20)) | O166: =IF($C166="",0,IFERROR(MATCH($C166,Settings!$D$11:$D$18,0),0)) | P166: =IF(LOWER(TRIM($J166&""))="x",1,0)
A167: 46045 | B167: BL26160 | C167: Own shop | D167: BL-104 | E167: 1 | F167: 8.32 | G167: 0 | H167: 4.12 | I167: 4.83 | K167: =IF(OR($A167="",$E167=""),"",IF($P167=1,0,N($E167)*N($F167)-N($G167)+N($H167))) | L167: =IF(K167="","",IF($P167=1,0,N($E167)*IFERROR(INDEX(Products!$D$8:$D$307,MATCH($D167,Products!$A$8:$A$307,0)),0))) | M167: =IF(OR(K167="",$O167=0),IF(K167="","",0),IF($P167=1,0,K167*(N(INDEX(Settings!$E$11:$E$18,$O167))+N(INDEX(Settings!$G$11:$G$18,$O167)))+N(INDEX(Settings!$F$11:$F$18,$O167)))) | N167: =IF(K167="","",K167-L167-M167-N($I167)-$P167*N(Settings!$D$20)) | O167: =IF($C167="",0,IFERROR(MATCH($C167,Settings!$D$11:$D$18,0),0)) | P167: =IF(LOWER(TRIM($J167&""))="x",1,0)
A168: 46045 | B168: BL26161 | C168: Own shop | D168: BL-202 | E168: 2 | F168: 57.98 | G168: 0 | H168: 0 | I168: 6.9 | K168: =IF(OR($A168="",$E168=""),"",IF($P168=1,0,N($E168)*N($F168)-N($G168)+N($H168))) | L168: =IF(K168="","",IF($P168=1,0,N($E168)*IFERROR(INDEX(Products!$D$8:$D$307,MATCH($D168,Products!$A$8:$A$307,0)),0))) | M168: =IF(OR(K168="",$O168=0),IF(K168="","",0),IF($P168=1,0,K168*(N(INDEX(Settings!$E$11:$E$18,$O168))+N(INDEX(Settings!$G$11:$G$18,$O168)))+N(INDEX(Settings!$F$11:$F$18,$O168)))) | N168: =IF(K168="","",K168-L168-M168-N($I168)-$P168*N(Settings!$D$20)) | O168: =IF($C168="",0,IFERROR(MATCH($C168,Settings!$D$11:$D$18,0),0)) | P168: =IF(LOWER(TRIM($J168&""))="x",1,0)
...

Sheet Products
A1: ="KEYONE / "&Lang!$B$81
A3: =Lang!$B$82
A5: =HYPERLINK("#'START'!A1",Lang!$B$2) | B5: =HYPERLINK("#'Dashboard'!A1",Lang!$B$3) | C5: =HYPERLINK("#'Settings'!A1",Lang!$B$4)
A7: =Lang!$B$68 | B7: =Lang!$B$83 | C7: =Lang!$B$84 | D7: =Lang!$B$85 | E7: =Lang!$B$86
A8: BL-101 | B8: Ceramic mug set | C8: Kitchen | D8: 7.9 | E8: 24.9
A9: BL-102 | B9: Linen tea towels (3) | C9: Kitchen | D9: 4.2 | E9: 16.9
A10: BL-103 | B10: Oak serving board | C10: Kitchen | D10: 11.5 | E10: 34.9
A11: BL-104 | B11: Glass storage jar 1 l | C11: Kitchen | D11: 3.1 | E11: 9.9
A12: BL-201 | B12: Scented candle “Lake” | C12: Living | D12: 3.8 | E12: 14.9
A13: BL-202 | B13: Wool throw blanket | C13: Living | D13: 26 | E13: 69
A14: BL-203 | B14: Linen cushion cover | C14: Living | D14: 5.5 | E14: 19.9
A15: BL-204 | B15: Small ceramic vase | C15: Living | D15: 6.9 | E15: 22.9
A16: BL-301 | B16: Bamboo bath mat | C16: Bath | D16: 7.2 | E16: 21.9
A17: BL-302 | B17: Cotton towel set | C17: Bath | D17: 12.4 | E17: 39.9
A18: BL-303 | B18: Stone soap dish | C18: Bath | D18: 2.9 | E18: 11.9
A19: BL-401 | B19: Plant pots (set of 3) | C19: Garden | D19: 9.8 | E19: 27.9
... A21: BL-403 | B21: LED fairy lights | C21: Living | D21: 4.4 | E21: 12.9

Sheet Marketing
A1: ="KEYONE / "&Lang!$B$87
A3: =Lang!$B$88
A5: =HYPERLINK("#'START'!A1",Lang!$B$2) | B5: =HYPERLINK("#'Dashboard'!A1",Lang!$B$3) | C5: =HYPERLINK("#'Settings'!A1",Lang!$B$4)
A7: =Lang!$B$89 | B7: =Lang!$B$35 | C7: =Lang!$B$90 | D7: =Lang!$B$91
A8: 46023 | B8: Own shop | C8: 1073.81 | D8: Google + Meta
A9: 46023 | B9: Amazon | C9: 655.04 | D9: Sponsored Products
A10: 46023 | B10: eBay | C10: 44.43 | D10: Promoted listings
A11: 46023 | B11: Etsy | C11: 82.36 | D11: Etsy Ads
A12: 46054 | B12: Own shop | C12: 712.16 | D12: Google + Meta
A13: 46054 | B13: Amazon | C13: 570.93 | D13: Sponsored Products
A14: 46054 | B14: eBay | C14: 47.79 | D14: Promoted listings
A15: 46054 | B15: Etsy | C15: 79.12 | D15: Etsy Ads
A16: 46082 | B16: Own shop | C16: 1225.43 | D16: Google + Meta
A17: 46082 | B17: Amazon | C17: 527.96 | D17: Sponsored Products
A18: 46082 | B18: eBay | C18: 65.09 | D18: Promoted listings
A19: 46082 | B19: Etsy | C19: 100.67 | D19: Etsy Ads
... A47: 46296 | B47: Etsy | C47: 55.87 | D47: Etsy Ads

Sheet Settings
B2: K1 | E2: ="KEYONE / "&Lang!$B$10
B4: =HYPERLINK("#'START'!A1",Lang!$B$2) | D4: =HYPERLINK("#'Dashboard'!A1",Lang!$B$3) | F4: =HYPERLINK("#'Orders'!A1",Lang!$B$17) | H4: =HYPERLINK("#'Products'!A1",Lang!$B$18) | J4: =HYPERLINK("#'Marketing'!A1",Lang!$B$19) | L4: =HYPERLINK("#'Settings'!A1",Lang!$B$4)
B6: =Lang!$B$9 | D6: English | I6: =Lang!$B$40
B8: =Lang!$B$32 | D8: Bodensee Living
B10: =Lang!$B$34 | D10: =Lang!$B$35 | E10: =Lang!$B$36 | F10: =Lang!$B$37 | G10: =Lang!$B$38
D11: Own shop | E11: 0 | F11: 0 | G11: 0.025
D12: Amazon | E12: 0.15 | F12: 0 | G12: 0
D13: eBay | E13: 0.11 | F13: 0.35 | G13: 0
D14: Etsy | E14: 0.065 | F14: 0.2 | G14: 0.04
B20: =Lang!$B$39 | D20: 3.5
B35: =Lang!$B$5

Sheet Lang
A1: key | B1: =IFERROR(MATCH(Settings!$D$6,$C$1:$N$1,0),1) | C1: English | D1: Deutsch | E1: فارسی | F1: العربية | G1: Español | H1: Français | I1: Italiano | J1: 日本語 | K1: 한국어 | L1: Shqip | M1: Türkçe | N1: 中文
A2: nav_start | B2: =INDEX($C2:$N2,1,$B$1) | C2: ⌂ START | D2: ⌂ START | E2: ⌂ شروع | F2: ⌂ البداية | G2: ⌂ INICIO | H2: ⌂ ACCUEIL | I2: ⌂ INIZIO | J2: ⌂ スタート | K2: ⌂ 시작 | L2: ⌂ FILLIMI | M2: ⌂ BAŞLANGIÇ | N2: ⌂ 开始
A3: nav_dash | B3: =INDEX($C3:$N3,1,$B$1) | C3: ▣ DASHBOARD | D3: ▣ DASHBOARD | E3: ▣ داشبورد | F3: ▣ لوحة التحكم | G3: ▣ PANEL | H3: ▣ TABLEAU DE BORD | I3: ▣ DASHBOARD | J3: ▣ ダッシュボード | K3: ▣ 대시보드 | L3: ▣ PANELI | M3: ▣ PANO | N3: ▣ 仪表板
A4: nav_set | B4: =INDEX($C4:$N4,1,$B$1) | C4: ⚙ SETTINGS | D4: ⚙ EINSTELLUNGEN | E4: ⚙ تنظیمات | F4: ⚙ الإعدادات | G4: ⚙ AJUSTES | H4: ⚙ PARAMÈTRES | I4: ⚙ IMPOSTAZIONI | J4: ⚙ 設定 | K4: ⚙ 설정 | L4: ⚙ CILËSIMET | M4: ⚙ AYARLAR | N4: ⚙ 设置
A5: license | B5: =INDEX($C5:$N5,1,$B$1) | C5: © 2026 KeyOne – Keywan Fakhri • keywanfakhri.com • Free for internal use. No resale, redistribution or removal of attribution. | D5: © 2026 KeyOne – Keywan Fakhri • keywanfakhri.com • Kostenlos für interne Nutzung. Kein Weiterverkauf, keine Weitergabe, Urhebervermerk nicht entfernen. | E5: © ۲۰۲۶ KeyOne – کیوان فخری • keywanfakhri.com • رایگان برای استفاده داخلی. فروش مجدد، توزیع یا حذف نام سازنده ممنوع است. | F5: © 2026 KeyOne – كيوان فخري • keywanfakhri.com • مجاني للاستخدام الداخلي. يُمنع إعادة البيع أو التوزيع أو حذف الإسناد. | G5: © 2026 KeyOne – Keywan Fakhri • keywanfakhri.com • Gratis para uso interno. Sin reventa, redistribución ni eliminar la atribución. | H5: © 2026 KeyOne – Keywan Fakhri • keywanfakhri.com • Gratuit pour un usage interne. Ni revente, ni redistribution, ni suppression de l’attribution. | I5: © 2026 KeyOne – Keywan Fakhri • keywanfakhri.com • Gratuito per uso interno. Vietati rivendita, ridistribuzione e rimozione dell’attribuzione. | J5: © 2026 KeyOne – Keywan Fakhri • keywanfakhri.com • 社内利用は無料。再販売・再配布・クレジット削除は禁止。 | K5: © 2026 KeyOne – Keywan Fakhri • keywanfakhri.com • 내부 사용 무료. 재판매·재배포·저작자 표시 삭제 금지. | L5: © 2026 KeyOne – Keywan Fakhri • keywanfakhri.com • Falas për përdorim të brendshëm. Ndalohen rishitja, rishpërndarja dhe heqja e atribuimit. | M5: © 2026 KeyOne – Keywan Fakhri • keywanfakhri.com • Dahili kullanım ücretsiz. Yeniden satış, dağıtım ve atıfın kaldırılması yasaktır. | N5: © 2026 KeyOne – Keywan Fakhri • keywanfakhri.com • 内部使用免费。禁止转售、再分发或删除署名。
A6: created | B6: =INDEX($C6:$N6,1,$B$1) | C6: CREATED BY | D6: ERSTELLT VON | E6: ساخته شده توسط | F6: من إعداد | G6: CREADO POR | H6: CRÉÉ PAR | I6: CREATO DA | J6: 作成者 | K6: 제작자 | L6: KRIJUAR NGA | M6: HAZIRLAYAN | N6: 作者
A7: role | B7: =INDEX($C7:$N7,1,$B$1) | C7: Industrial Engineer (M.Sc.) • Logistics, Warehouse & Data Analytics • Konstanz, Germany | D7: Wirtschaftsingenieur (M.Sc.) • Logistik, Lager & Datenanalyse • Konstanz | E7: مهندس صنایع (کارشناسی ارشد) • لجستیک، انبار و تحلیل داده • کنستانس، آلمان | F7: مهندس صناعي (ماجستير) • اللوجستيات والمستودعات وتحليل البيانات • كونستانس، ألمانيا | G7: Ingeniero industrial (M.Sc.) • Logística, almacén y análisis de datos • Constanza, Alemania | H7: Ingénieur industriel (M.Sc.) • Logistique, entrepôt et analyse de données • Constance, Allemagne | I7: Ingegnere gestionale (M.Sc.) • Logistica, magazzino e analisi dati • Costanza, Germania | J7: インダストリアル・エンジニア（修士） • 物流・倉庫・データ分析 • ドイツ・コンスタンツ | K7: 산업공학 석사 • 물류·창고·데이터 분석 • 독일 콘스탄츠 | L7: Inxhinier industrial (M.Sc.) • Logjistikë, magazinë dhe analizë të dhënash • Konstanz, Gjermani | M7: Endüstri Mühendisi (Y.L.) • Lojistik, depo ve veri analitiği • Konstanz, Almanya | N7: 工业工程硕士 • 物流、仓储与数据分析 • 德国康斯坦茨
A8: custom_v | B8: =INDEX($C8:$N8,1,$B$1) | C8: Need a version for your company? Get in touch: | D8: Eigene Version für Ihr Unternehmen? Kontakt: | E8: نسخه اختصاصی برای شرکت خود می‌خواهید؟ تماس: | F8: تحتاج نسخة لشركتك؟ تواصل معي: | G8: ¿Necesitas una versión para tu empresa? Contacto: | H8: Besoin d’une version pour votre entreprise ? Contact : | I8: Ti serve una versione per la tua azienda? Contatti: | J8: 自社向けバージョンのご相談： | K8: 회사 맞춤 버전이 필요하신가요? 연락처: | L8: Ju duhet një version për kompaninë tuaj? Kontakt: | M8: Şirketinize özel sürüm mü lazım? İletişim: | N8: 需要为贵公司定制？联系：
A9: set_lang | B9: =INDEX($C9:$N9,1,$B$1) | C9: Language | D9: Sprache | E9: زبان | F9: اللغة | G9: Idioma | H9: Langue | I9: Lingua | J9: 言語 | K9: 언어 | L9: Gjuha | M9: Dil | N9: 语言
A10: set_title | B10: =INDEX($C10:$N10,1,$B$1) | C10: SETTINGS | D10: EINSTELLUNGEN | E10: تنظیمات | F10: الإعدادات | G10: AJUSTES | H10: PARAMÈTRES | I10: IMPOSTAZIONI | J10: 設定 | K10: 설정 | L10: CILËSIMET | M10: AYARLAR | N10: 设置
A11: total | B11: =INDEX($C11:$N11,1,$B$1) | C11: Total | D11: Summe | E11: جمع | F11: الإجمالي | G11: Total | H11: Total | I11: Totale | J11: 合計 | K11: 합계 | L11: Gjithsej | M11: Toplam | N11: 合计
A12: sec_ins | B12: =INDEX($C12:$N12,1,$B$1) | C12: KEY INSIGHTS | D12: WICHTIGSTE ERKENNTNISSE | E12: نکات کلیدی | F12: أهم النتائج | G12: CONCLUSIONES CLAVE | H12: POINTS CLÉS | I12: PUNTI CHIAVE | J12: 主なポイント | K12: 핵심 인사이트 | L12: PIKAT KRYESORE | M12: ÖNE ÇIKANLAR | N12: 关键洞察
A13: c_year | B13: =INDEX($C13:$N13,1,$B$1) | C13: YEAR | D13: JAHR | E13: سال | F13: السنة | G13: AÑO | H13: ANNÉE | I13: ANNO | J13: 年 | K13: 연도 | L13: VITI | M13: YIL | N13: 年份
... A104: m12 | B104: =INDEX($C104:$N104,1,$B$1) | C104: Dec | D104: Dez | E104: دسامبر | F104: ديسمبر | G104: Dic | H104: Déc | I104: Dic | J104: 12月 | K104: 12월 | L104: Dhj | M104: Ara | N104: 12月

Sheet Calc
A1: CALCULATION ENGINE – DO NOT EDIT | Z1: =Lang!$B$15
A2: year | B2: =N(Dashboard!$H$7) | Z2: =IF(Settings!$D$11="","",Settings!$D$11)
A3: mi | B3: =MAX(1,ROUND(SUMPRODUCT((Lang!$C$92:$N$104=Dashboard!$K$7)*(ROW(Lang!$C$92:$N$104)-91))/MAX(1,COUNTIF(Lang!$C$92:$N$104,Dashboard!$K$7)),0)) | Z3: =IF(Settings!$D$12="","",Settings!$D$12)
A4: a | B4: =IF(B3=1,DATE(B2,1,1),DATE(B2,B3-1,1)) | Z4: =IF(Settings!$D$13="","",Settings!$D$13)
A5: b | B5: =IF(B3=1,DATE(B2+1,1,1),EDATE(B4,1)) | Z5: =IF(Settings!$D$14="","",Settings!$D$14)
A6: crit | B6: =IF(OR(Dashboard!$O$7="",COUNTIF(Lang!$C$15:$N$15,Dashboard!$O$7)>0),"*",Dashboard!$O$7) | Z6: =IF(Settings!$D$15="","",Settings!$D$15)
Z7: =IF(Settings!$D$16="","",Settings!$D$16)
A8: rev | B8: =SUMIFS(Orders!$K$8:$K$5007,Orders!$A$8:$A$5007,">="&$B$4,Orders!$A$8:$A$5007,"<"&$B$5,Orders!$C$8:$C$5007,$B$6) | Z8: =IF(Settings!$D$17="","",Settings!$D$17)
A9: cm | B9: =SUMIFS(Orders!$N$8:$N$5007,Orders!$A$8:$A$5007,">="&$B$4,Orders!$A$8:$A$5007,"<"&$B$5,Orders!$C$8:$C$5007,$B$6) | Z9: =IF(Settings!$D$18="","",Settings!$D$18)
A10: n | B10: =COUNTIFS(Orders!$A$8:$A$5007,">="&$B$4,Orders!$A$8:$A$5007,"<"&$B$5,Orders!$C$8:$C$5007,$B$6)
A11: ret | B11: =COUNTIFS(Orders!$A$8:$A$5007,">="&$B$4,Orders!$A$8:$A$5007,"<"&$B$5,Orders!$C$8:$C$5007,$B$6,Orders!$P$8:$P$5007,1)
A12: ads | B12: =SUMIFS(Marketing!$C$8:$C$307,Marketing!$A$8:$A$307,">="&$B$4,Marketing!$A$8:$A$307,"<"&$B$5,Marketing!$B$8:$B$307,$B$6)
A13: profit | B13: =B9-B12
A19: month | B19: lbl | C19: rev | D19: cm | E19: ads | F19: profit
A20: =DATE($B$2,1,1) | B20: =Lang!$B$93 | C20: =SUMIFS(Orders!$K$8:$K$5007,Orders!$A$8:$A$5007,">="&DATE($B$2,1,1),Orders!$A$8:$A$5007,"<"&DATE($B$2,2,1),Orders!$C$8:$C$5007,$B$6) | D20: =SUMIFS(Orders!$N$8:$N$5007,Orders!$A$8:$A$5007,">="&DATE($B$2,1,1),Orders!$A$8:$A$5007,"<"&DATE($B$2,2,1),Orders!$C$8:$C$5007,$B$6) | E20: =SUMIFS(Marketing!$C$8:$C$307,Marketing!$A$8:$A$307,">="&DATE($B$2,1,1),Marketing!$A$8:$A$307,"<"&DATE($B$2,2,1),Marketing!$B$8:$B$307,$B$6) | F20: =D20-E20
A21: =DATE($B$2,2,1) | B21: =Lang!$B$94 | C21: =SUMIFS(Orders!$K$8:$K$5007,Orders!$A$8:$A$5007,">="&DATE($B$2,2,1),Orders!$A$8:$A$5007,"<"&DATE($B$2,3,1),Orders!$C$8:$C$5007,$B$6) | D21: =SUMIFS(Orders!$N$8:$N$5007,Orders!$A$8:$A$5007,">="&DATE($B$2,2,1),Orders!$A$8:$A$5007,"<"&DATE($B$2,3,1),Orders!$C$8:$C$5007,$B$6) | E21: =SUMIFS(Marketing!$C$8:$C$307,Marketing!$A$8:$A$307,">="&DATE($B$2,2,1),Marketing!$A$8:$A$307,"<"&DATE($B$2,3,1),Marketing!$B$8:$B$307,$B$6) | F21: =D21-E21
A22: =DATE($B$2,3,1) | B22: =Lang!$B$95 | C22: =SUMIFS(Orders!$K$8:$K$5007,Orders!$A$8:$A$5007,">="&DATE($B$2,3,1),Orders!$A$8:$A$5007,"<"&DATE($B$2,4,1),Orders!$C$8:$C$5007,$B$6) | D22: =SUMIFS(Orders!$N$8:$N$5007,Orders!$A$8:$A$5007,">="&DATE($B$2,3,1),Orders!$A$8:$A$5007,"<"&DATE($B$2,4,1),Orders!$C$8:$C$5007,$B$6) | E22: =SUMIFS(Marketing!$C$8:$C$307,Marketing!$A$8:$A$307,">="&DATE($B$2,3,1),Marketing!$A$8:$A$307,"<"&DATE($B$2,4,1),Marketing!$B$8:$B$307,$B$6) | F22: =D22-E22
A23: =DATE($B$2,4,1) | B23: =Lang!$B$96 | C23: =SUMIFS(Orders!$K$8:$K$5007,Orders!$A$8:$A$5007,">="&DATE($B$2,4,1),Orders!$A$8:$A$5007,"<"&DATE($B$2,5,1),Orders!$C$8:$C$5007,$B$6) | D23: =SUMIFS(Orders!$N$8:$N$5007,Orders!$A$8:$A$5007,">="&DATE($B$2,4,1),Orders!$A$8:$A$5007,"<"&DATE($B$2,5,1),Orders!$C$8:$C$5007,$B$6) | E23: =SUMIFS(Marketing!$C$8:$C$307,Marketing!$A$8:$A$307,">="&DATE($B$2,4,1),Marketing!$A$8:$A$307,"<"&DATE($B$2,5,1),Marketing!$B$8:$B$307,$B$6) | F23: =D23-E23
A24: =DATE($B$2,5,1) | B24: =Lang!$B$97 | C24: =SUMIFS(Orders!$K$8:$K$5007,Orders!$A$8:$A$5007,">="&DATE($B$2,5,1),Orders!$A$8:$A$5007,"<"&DATE($B$2,6,1),Orders!$C$8:$C$5007,$B$6) | D24: =SUMIFS(Orders!$N$8:$N$5007,Orders!$A$8:$A$5007,">="&DATE($B$2,5,1),Orders!$A$8:$A$5007,"<"&DATE($B$2,6,1),Orders!$C$8:$C$5007,$B$6) | E24: =SUMIFS(Marketing!$C$8:$C$307,Marketing!$A$8:$A$307,">="&DATE($B$2,5,1),Marketing!$A$8:$A$307,"<"&DATE($B$2,6,1),Marketing!$B$8:$B$307,$B$6) | F24: =D24-E24
A25: =DATE($B$2,6,1) | B25: =Lang!$B$98 | C25: =SUMIFS(Orders!$K$8:$K$5007,Orders!$A$8:$A$5007,">="&DATE($B$2,6,1),Orders!$A$8:$A$5007,"<"&DATE($B$2,7,1),Orders!$C$8:$C$5007,$B$6) | D25: =SUMIFS(Orders!$N$8:$N$5007,Orders!$A$8:$A$5007,">="&DATE($B$2,6,1),Orders!$A$8:$A$5007,"<"&DATE($B$2,7,1),Orders!$C$8:$C$5007,$B$6) | E25: =SUMIFS(Marketing!$C$8:$C$307,Marketing!$A$8:$A$307,">="&DATE($B$2,6,1),Marketing!$A$8:$A$307,"<"&DATE($B$2,7,1),Marketing!$B$8:$B$307,$B$6) | F25: =D25-E25
A26: =DATE($B$2,7,1) | B26: =Lang!$B$99 | C26: =SUMIFS(Orders!$K$8:$K$5007,Orders!$A$8:$A$5007,">="&DATE($B$2,7,1),Orders!$A$8:$A$5007,"<"&DATE($B$2,8,1),Orders!$C$8:$C$5007,$B$6) | D26: =SUMIFS(Orders!$N$8:$N$5007,Orders!$A$8:$A$5007,">="&DATE($B$2,7,1),Orders!$A$8:$A$5007,"<"&DATE($B$2,8,1),Orders!$C$8:$C$5007,$B$6) | E26: =SUMIFS(Marketing!$C$8:$C$307,Marketing!$A$8:$A$307,">="&DATE($B$2,7,1),Marketing!$A$8:$A$307,"<"&DATE($B$2,8,1),Marketing!$B$8:$B$307,$B$6) | F26: =D26-E26
A27: =DATE($B$2,8,1) | B27: =Lang!$B$100 | C27: =SUMIFS(Orders!$K$8:$K$5007,Orders!$A$8:$A$5007,">="&DATE($B$2,8,1),Orders!$A$8:$A$5007,"<"&DATE($B$2,9,1),Orders!$C$8:$C$5007,$B$6) | D27: =SUMIFS(Orders!$N$8:$N$5007,Orders!$A$8:$A$5007,">="&DATE($B$2,8,1),Orders!$A$8:$A$5007,"<"&DATE($B$2,9,1),Orders!$C$8:$C$5007,$B$6) | E27: =SUMIFS(Marketing!$C$8:$C$307,Marketing!$A$8:$A$307,">="&DATE($B$2,8,1),Marketing!$A$8:$A$307,"<"&DATE($B$2,9,1),Marketing!$B$8:$B$307,$B$6) | F27: =D27-E27
A28: =DATE($B$2,9,1) | B28: =Lang!$B$101 | C28: =SUMIFS(Orders!$K$8:$K$5007,Orders!$A$8:$A$5007,">="&DATE($B$2,9,1),Orders!$A$8:$A$5007,"<"&DATE($B$2,10,1),Orders!$C$8:$C$5007,$B$6) | D28: =SUMIFS(Orders!$N$8:$N$5007,Orders!$A$8:$A$5007,">="&DATE($B$2,9,1),Orders!$A$8:$A$5007,"<"&DATE($B$2,10,1),Orders!$C$8:$C$5007,$B$6) | E28: =SUMIFS(Marketing!$C$8:$C$307,Marketing!$A$8:$A$307,">="&DATE($B$2,9,1),Marketing!$A$8:$A$307,"<"&DATE($B$2,10,1),Marketing!$B$8:$B$307,$B$6) | F28: =D28-E28
A29: =DATE($B$2,10,1) | B29: =Lang!$B$102 | C29: =SUMIFS(Orders!$K$8:$K$5007,Orders!$A$8:$A$5007,">="&DATE($B$2,10,1),Orders!$A$8:$A$5007,"<"&DATE($B$2,11,1),Orders!$C$8:$C$5007,$B$6) | D29: =SUMIFS(Orders!$N$8:$N$5007,Orders!$A$8:$A$5007,">="&DATE($B$2,10,1),Orders!$A$8:$A$5007,"<"&DATE($B$2,11,1),Orders!$C$8:$C$5007,$B$6) | E29: =SUMIFS(Marketing!$C$8:$C$307,Marketing!$A$8:$A$307,">="&DATE($B$2,10,1),Marketing!$A$8:$A$307,"<"&DATE($B$2,11,1),Marketing!$B$8:$B$307,$B$6) | F29: =D29-E29
A30: =DATE($B$2,11,1) | B30: =Lang!$B$103 | C30: =SUMIFS(Orders!$K$8:$K$5007,Orders!$A$8:$A$5007,">="&DATE($B$2,11,1),Orders!$A$8:$A$5007,"<"&DATE($B$2,12,1),Orders!$C$8:$C$5007,$B$6) | D30: =SUMIFS(Orders!$N$8:$N$5007,Orders!$A$8:$A$5007,">="&DATE($B$2,11,1),Orders!$A$8:$A$5007,"<"&DATE($B$2,12,1),Orders!$C$8:$C$5007,$B$6) | E30: =SUMIFS(Marketing!$C$8:$C$307,Marketing!$A$8:$A$307,">="&DATE($B$2,11,1),Marketing!$A$8:$A$307,"<"&DATE($B$2,12,1),Marketing!$B$8:$B$307,$B$6) | F30: =D30-E30
A31: =DATE($B$2,12,1) | B31: =Lang!$B$104 | C31: =SUMIFS(Orders!$K$8:$K$5007,Orders!$A$8:$A$5007,">="&DATE($B$2,12,1),Orders!$A$8:$A$5007,"<"&DATE($B$2+1,1,1),Orders!$C$8:$C$5007,$B$6) | D31: =SUMIFS(Orders!$N$8:$N$5007,Orders!$A$8:$A$5007,">="&DATE($B$2,12,1),Orders!$A$8:$A$5007,"<"&DATE($B$2+1,1,1),Orders!$C$8:$C$5007,$B$6) | E31: =SUMIFS(Marketing!$C$8:$C$307,Marketing!$A$8:$A$307,">="&DATE($B$2,12,1),Marketing!$A$8:$A$307,"<"&DATE($B$2+1,1,1),Marketing!$B$8:$B$307,$B$6) | F31: =D31-E31
A39: channel | B39: lbl | C39: rev | D39: cm | E39: ads | F39: profit | G39: retRate | H39: chartP | I39: keyP | J39: keyR
A40: =Settings!$D$11&"" | B40: =IF(A40="", " ",A40) | C40: =IF(A40="",0,SUMIFS(Orders!$K$8:$K$5007,Orders!$A$8:$A$5007,">="&$B$4,Orders!$A$8:$A$5007,"<"&$B$5,Orders!$C$8:$C$5007,$A40)) | D40: =IF(A40="",0,SUMIFS(Orders!$N$8:$N$5007,Orders!$A$8:$A$5007,">="&$B$4,Orders!$A$8:$A$5007,"<"&$B$5,Orders!$C$8:$C$5007,$A40)) | E40: =IF(A40="",0,SUMIFS(Marketing!$C$8:$C$307,Marketing!$A$8:$A$307,">="&$B$4,Marketing!$A$8:$A$307,"<"&$B$5,Marketing!$B$8:$B$307,$A40)) | F40: =D40-E40 | G40: =IF(A40="",0,IFERROR(COUNTIFS(Orders!$A$8:$A$5007,">="&$B$4,Orders!$A$8:$A$5007,"<"&$B$5,Orders!$C$8:$C$5007,$A40,Orders!$P$8:$P$5007,1)/COUNTIFS(Orders!$A$8:$A$5007,">="&$B$4,Orders!$A$8:$A$5007,"<"&$B$5,Orders!$C$8:$C$5007,$A40),0)) | H40: =IF(A40="",NA(),F40) | I40: =IF(A40="",-1E+99,F40) | J40: =IF(A40="",-1,G40)
A41: =Settings!$D$12&"" | B41: =IF(A41="", " ",A41) | C41: =IF(A41="",0,SUMIFS(Orders!$K$8:$K$5007,Orders!$A$8:$A$5007,">="&$B$4,Orders!$A$8:$A$5007,"<"&$B$5,Orders!$C$8:$C$5007,$A41)) | D41: =IF(A41="",0,SUMIFS(Orders!$N$8:$N$5007,Orders!$A$8:$A$5007,">="&$B$4,Orders!$A$8:$A$5007,"<"&$B$5,Orders!$C$8:$C$5007,$A41)) | E41: =IF(A41="",0,SUMIFS(Marketing!$C$8:$C$307,Marketing!$A$8:$A$307,">="&$B$4,Marketing!$A$8:$A$307,"<"&$B$5,Marketing!$B$8:$B$307,$A41)) | F41: =D41-E41 | G41: =IF(A41="",0,IFERROR(COUNTIFS(Orders!$A$8:$A$5007,">="&$B$4,Orders!$A$8:$A$5007,"<"&$B$5,Orders!$C$8:$C$5007,$A41,Orders!$P$8:$P$5007,1)/COUNTIFS(Orders!$A$8:$A$5007,">="&$B$4,Orders!$A$8:$A$5007,"<"&$B$5,Orders!$C$8:$C$5007,$A41),0)) | H41: =IF(A41="",NA(),F41) | I41: =IF(A41="",-1E+99,F41) | J41: =IF(A41="",-1,G41)
A42: =Settings!$D$13&"" | B42: =IF(A42="", " ",A42) | C42: =IF(A42="",0,SUMIFS(Orders!$K$8:$K$5007,Orders!$A$8:$A$5007,">="&$B$4,Orders!$A$8:$A$5007,"<"&$B$5,Orders!$C$8:$C$5007,$A42)) | D42: =IF(A42="",0,SUMIFS(Orders!$N$8:$N$5007,Orders!$A$8:$A$5007,">="&$B$4,Orders!$A$8:$A$5007,"<"&$B$5,Orders!$C$8:$C$5007,$A42)) | E42: =IF(A42="",0,SUMIFS(Marketing!$C$8:$C$307,Marketing!$A$8:$A$307,">="&$B$4,Marketing!$A$8:$A$307,"<"&$B$5,Marketing!$B$8:$B$307,$A42)) | F42: =D42-E42 | G42: =IF(A42="",0,IFERROR(COUNTIFS(Orders!$A$8:$A$5007,">="&$B$4,Orders!$A$8:$A$5007,"<"&$B$5,Orders!$C$8:$C$5007,$A42,Orders!$P$8:$P$5007,1)/COUNTIFS(Orders!$A$8:$A$5007,">="&$B$4,Orders!$A$8:$A$5007,"<"&$B$5,Orders!$C$8:$C$5007,$A42),0)) | H42: =IF(A42="",NA(),F42) | I42: =IF(A42="",-1E+99,F42) | J42: =IF(A42="",-1,G42)
A43: =Settings!$D$14&"" | B43: =IF(A43="", " ",A43) | C43: =IF(A43="",0,SUMIFS(Orders!$K$8:$K$5007,Orders!$A$8:$A$5007,">="&$B$4,Orders!$A$8:$A$5007,"<"&$B$5,Orders!$C$8:$C$5007,$A43)) | D43: =IF(A43="",0,SUMIFS(Orders!$N$8:$N$5007,Orders!$A$8:$A$5007,">="&$B$4,Orders!$A$8:$A$5007,"<"&$B$5,Orders!$C$8:$C$5007,$A43)) | E43: =IF(A43="",0,SUMIFS(Marketing!$C$8:$C$307,Marketing!$A$8:$A$307,">="&$B$4,Marketing!$A$8:$A$307,"<"&$B$5,Marketing!$B$8:$B$307,$A43)) | F43: =D43-E43 | G43: =IF(A43="",0,IFERROR(COUNTIFS(Orders!$A$8:$A$5007,">="&$B$4,Orders!$A$8:$A$5007,"<"&$B$5,Orders!$C$8:$C$5007,$A43,Orders!$P$8:$P$5007,1)/COUNTIFS(Orders!$A$8:$A$5007,">="&$B$4,Orders!$A$8:$A$5007,"<"&$B$5,Orders!$C$8:$C$5007,$A43),0)) | H43: =IF(A43="",NA(),F43) | I43: =IF(A43="",-1E+99,F43) | J43: =IF(A43="",-1,G43)
A44: =Settings!$D$15&"" | B44: =IF(A44="", " ",A44) | C44: =IF(A44="",0,SUMIFS(Orders!$K$8:$K$5007,Orders!$A$8:$A$5007,">="&$B$4,Orders!$A$8:$A$5007,"<"&$B$5,Orders!$C$8:$C$5007,$A44)) | D44: =IF(A44="",0,SUMIFS(Orders!$N$8:$N$5007,Orders!$A$8:$A$5007,">="&$B$4,Orders!$A$8:$A$5007,"<"&$B$5,Orders!$C$8:$C$5007,$A44)) | E44: =IF(A44="",0,SUMIFS(Marketing!$C$8:$C$307,Marketing!$A$8:$A$307,">="&$B$4,Marketing!$A$8:$A$307,"<"&$B$5,Marketing!$B$8:$B$307,$A44)) | F44: =D44-E44 | G44: =IF(A44="",0,IFERROR(COUNTIFS(Orders!$A$8:$A$5007,">="&$B$4,Orders!$A$8:$A$5007,"<"&$B$5,Orders!$C$8:$C$5007,$A44,Orders!$P$8:$P$5007,1)/COUNTIFS(Orders!$A$8:$A$5007,">="&$B$4,Orders!$A$8:$A$5007,"<"&$B$5,Orders!$C$8:$C$5007,$A44),0)) | H44: =IF(A44="",NA(),F44) | I44: =IF(A44="",-1E+99,F44) | J44: =IF(A44="",-1,G44)
A45: =Settings!$D$16&"" | B45: =IF(A45="", " ",A45) | C45: =IF(A45="",0,SUMIFS(Orders!$K$8:$K$5007,Orders!$A$8:$A$5007,">="&$B$4,Orders!$A$8:$A$5007,"<"&$B$5,Orders!$C$8:$C$5007,$A45)) | D45: =IF(A45="",0,SUMIFS(Orders!$N$8:$N$5007,Orders!$A$8:$A$5007,">="&$B$4,Orders!$A$8:$A$5007,"<"&$B$5,Orders!$C$8:$C$5007,$A45)) | E45: =IF(A45="",0,SUMIFS(Marketing!$C$8:$C$307,Marketing!$A$8:$A$307,">="&$B$4,Marketing!$A$8:$A$307,"<"&$B$5,Marketing!$B$8:$B$307,$A45)) | F45: =D45-E45 | G45: =IF(A45="",0,IFERROR(COUNTIFS(Orders!$A$8:$A$5007,">="&$B$4,Orders!$A$8:$A$5007,"<"&$B$5,Orders!$C$8:$C$5007,$A45,Orders!$P$8:$P$5007,1)/COUNTIFS(Orders!$A$8:$A$5007,">="&$B$4,Orders!$A$8:$A$5007,"<"&$B$5,Orders!$C$8:$C$5007,$A45),0)) | H45: =IF(A45="",NA(),F45) | I45: =IF(A45="",-1E+99,F45) | J45: =IF(A45="",-1,G45)
A46: =Settings!$D$17&"" | B46: =IF(A46="", " ",A46) | C46: =IF(A46="",0,SUMIFS(Orders!$K$8:$K$5007,Orders!$A$8:$A$5007,">="&$B$4,Orders!$A$8:$A$5007,"<"&$B$5,Orders!$C$8:$C$5007,$A46)) | D46: =IF(A46="",0,SUMIFS(Orders!$N$8:$N$5007,Orders!$A$8:$A$5007,">="&$B$4,Orders!$A$8:$A$5007,"<"&$B$5,Orders!$C$8:$C$5007,$A46)) | E46: =IF(A46="",0,SUMIFS(Marketing!$C$8:$C$307,Marketing!$A$8:$A$307,">="&$B$4,Marketing!$A$8:$A$307,"<"&$B$5,Marketing!$B$8:$B$307,$A46)) | F46: =D46-E46 | G46: =IF(A46="",0,IFERROR(COUNTIFS(Orders!$A$8:$A$5007,">="&$B$4,Orders!$A$8:$A$5007,"<"&$B$5,Orders!$C$8:$C$5007,$A46,Orders!$P$8:$P$5007,1)/COUNTIFS(Orders!$A$8:$A$5007,">="&$B$4,Orders!$A$8:$A$5007,"<"&$B$5,Orders!$C$8:$C$5007,$A46),0)) | H46: =IF(A46="",NA(),F46) | I46: =IF(A46="",-1E+99,F46) | J46: =IF(A46="",-1,G46)
A47: =Settings!$D$18&"" | B47: =IF(A47="", " ",A47) | C47: =IF(A47="",0,SUMIFS(Orders!$K$8:$K$5007,Orders!$A$8:$A$5007,">="&$B$4,Orders!$A$8:$A$5007,"<"&$B$5,Orders!$C$8:$C$5007,$A47)) | D47: =IF(A47="",0,SUMIFS(Orders!$N$8:$N$5007,Orders!$A$8:$A$5007,">="&$B$4,Orders!$A$8:$A$5007,"<"&$B$5,Orders!$C$8:$C$5007,$A47)) | E47: =IF(A47="",0,SUMIFS(Marketing!$C$8:$C$307,Marketing!$A$8:$A$307,">="&$B$4,Marketing!$A$8:$A$307,"<"&$B$5,Marketing!$B$8:$B$307,$A47)) | F47: =D47-E47 | G47: =IF(A47="",0,IFERROR(COUNTIFS(Orders!$A$8:$A$5007,">="&$B$4,Orders!$A$8:$A$5007,"<"&$B$5,Orders!$C$8:$C$5007,$A47,Orders!$P$8:$P$5007,1)/COUNTIFS(Orders!$A$8:$A$5007,">="&$B$4,Orders!$A$8:$A$5007,"<"&$B$5,Orders!$C$8:$C$5007,$A47),0)) | H47: =IF(A47="",NA(),F47) | I47: =IF(A47="",-1E+99,F47) | J47: =IF(A47="",-1,G47)
A50: =IF(LARGE($F$60:$F$359,1)<-1E+98," ",INDEX($B$60:$B$359,MATCH(LARGE($F$60:$F$359,1),$F$60:$F$359,0))) | B50: =IF(LARGE($F$60:$F$359,1)<-1E+98,NA(),INDEX($D$60:$D$359,MATCH(LARGE($F$60:$F$359,1),$F$60:$F$359,0)))
A51: =IF(LARGE($F$60:$F$359,2)<-1E+98," ",INDEX($B$60:$B$359,MATCH(LARGE($F$60:$F$359,2),$F$60:$F$359,0))) | B51: =IF(LARGE($F$60:$F$359,2)<-1E+98,NA(),INDEX($D$60:$D$359,MATCH(LARGE($F$60:$F$359,2),$F$60:$F$359,0)))
A52: =IF(LARGE($F$60:$F$359,3)<-1E+98," ",INDEX($B$60:$B$359,MATCH(LARGE($F$60:$F$359,3),$F$60:$F$359,0))) | B52: =IF(LARGE($F$60:$F$359,3)<-1E+98,NA(),INDEX($D$60:$D$359,MATCH(LARGE($F$60:$F$359,3),$F$60:$F$359,0)))
A53: =IF(LARGE($F$60:$F$359,4)<-1E+98," ",INDEX($B$60:$B$359,MATCH(LARGE($F$60:$F$359,4),$F$60:$F$359,0))) | B53: =IF(LARGE($F$60:$F$359,4)<-1E+98,NA(),INDEX($D$60:$D$359,MATCH(LARGE($F$60:$F$359,4),$F$60:$F$359,0)))
A54: =IF(LARGE($F$60:$F$359,5)<-1E+98," ",INDEX($B$60:$B$359,MATCH(LARGE($F$60:$F$359,5),$F$60:$F$359,0))) | B54: =IF(LARGE($F$60:$F$359,5)<-1E+98,NA(),INDEX($D$60:$D$359,MATCH(LARGE($F$60:$F$359,5),$F$60:$F$359,0)))
A55: =IF(LARGE($F$60:$F$359,6)<-1E+98," ",INDEX($B$60:$B$359,MATCH(LARGE($F$60:$F$359,6),$F$60:$F$359,0))) | B55: =IF(LARGE($F$60:$F$359,6)<-1E+98,NA(),INDEX($D$60:$D$359,MATCH(LARGE($F$60:$F$359,6),$F$60:$F$359,0)))
A56: =IF(LARGE($F$60:$F$359,7)<-1E+98," ",INDEX($B$60:$B$359,MATCH(LARGE($F$60:$F$359,7),$F$60:$F$359,0))) | B56: =IF(LARGE($F$60:$F$359,7)<-1E+98,NA(),INDEX($D$60:$D$359,MATCH(LARGE($F$60:$F$359,7),$F$60:$F$359,0)))
A57: =IF(LARGE($F$60:$F$359,8)<-1E+98," ",INDEX($B$60:$B$359,MATCH(LARGE($F$60:$F$359,8),$F$60:$F$359,0))) | B57: =IF(LARGE($F$60:$F$359,8)<-1E+98,NA(),INDEX($D$60:$D$359,MATCH(LARGE($F$60:$F$359,8),$F$60:$F$359,0)))
A59: sku | B59: name | C59: rev | D59: cm | E59: margin | F59: keyTop | G59: keyLow
A60: =Products!$A$8&"" | B60: =Products!$B$8&"" | C60: =IF(A60="",0,SUMIFS(Orders!$K$8:$K$5007,Orders!$A$8:$A$5007,">="&$B$4,Orders!$A$8:$A$5007,"<"&$B$5,Orders!$C$8:$C$5007,$B$6,Orders!$D$8:$D$5007,A60)) | D60: =IF(A60="",0,SUMIFS(Orders!$N$8:$N$5007,Orders!$A$8:$A$5007,">="&$B$4,Orders!$A$8:$A$5007,"<"&$B$5,Orders!$C$8:$C$5007,$B$6,Orders!$D$8:$D$5007,A60)) | E60: =IF(C60=0,0,D60/C60) | F60: =IF(A60="",-1E+99,D60+ROW()/1E+6) | G60: =IF(C60<=0,9,E60+ROW()/1E+9)
A61: =Products!$A$9&"" | B61: =Products!$B$9&"" | C61: =IF(A61="",0,SUMIFS(Orders!$K$8:$K$5007,Orders!$A$8:$A$5007,">="&$B$4,Orders!$A$8:$A$5007,"<"&$B$5,Orders!$C$8:$C$5007,$B$6,Orders!$D$8:$D$5007,A61)) | D61: =IF(A61="",0,SUMIFS(Orders!$N$8:$N$5007,Orders!$A$8:$A$5007,">="&$B$4,Orders!$A$8:$A$5007,"<"&$B$5,Orders!$C$8:$C$5007,$B$6,Orders!$D$8:$D$5007,A61)) | E61: =IF(C61=0,0,D61/C61) | F61: =IF(A61="",-1E+99,D61+ROW()/1E+6) | G61: =IF(C61<=0,9,E61+ROW()/1E+9)
A62: =Products!$A$10&"" | B62: =Products!$B$10&"" | C62: =IF(A62="",0,SUMIFS(Orders!$K$8:$K$5007,Orders!$A$8:$A$5007,">="&$B$4,Orders!$A$8:$A$5007,"<"&$B$5,Orders!$C$8:$C$5007,$B$6,Orders!$D$8:$D$5007,A62)) | D62: =IF(A62="",0,SUMIFS(Orders!$N$8:$N$5007,Orders!$A$8:$A$5007,">="&$B$4,Orders!$A$8:$A$5007,"<"&$B$5,Orders!$C$8:$C$5007,$B$6,Orders!$D$8:$D$5007,A62)) | E62: =IF(C62=0,0,D62/C62) | F62: =IF(A62="",-1E+99,D62+ROW()/1E+6) | G62: =IF(C62<=0,9,E62+ROW()/1E+9)
A63: =Products!$A$11&"" | B63: =Products!$B$11&"" | C63: =IF(A63="",0,SUMIFS(Orders!$K$8:$K$5007,Orders!$A$8:$A$5007,">="&$B$4,Orders!$A$8:$A$5007,"<"&$B$5,Orders!$C$8:$C$5007,$B$6,Orders!$D$8:$D$5007,A63)) | D63: =IF(A63="",0,SUMIFS(Orders!$N$8:$N$5007,Orders!$A$8:$A$5007,">="&$B$4,Orders!$A$8:$A$5007,"<"&$B$5,Orders!$C$8:$C$5007,$B$6,Orders!$D$8:$D$5007,A63)) | E63: =IF(C63=0,0,D63/C63) | F63: =IF(A63="",-1E+99,D63+ROW()/1E+6) | G63: =IF(C63<=0,9,E63+ROW()/1E+9)
A64: =Products!$A$12&"" | B64: =Products!$B$12&"" | C64: =IF(A64="",0,SUMIFS(Orders!$K$8:$K$5007,Orders!$A$8:$A$5007,">="&$B$4,Orders!$A$8:$A$5007,"<"&$B$5,Orders!$C$8:$C$5007,$B$6,Orders!$D$8:$D$5007,A64)) | D64: =IF(A64="",0,SUMIFS(Orders!$N$8:$N$5007,Orders!$A$8:$A$5007,">="&$B$4,Orders!$A$8:$A$5007,"<"&$B$5,Orders!$C$8:$C$5007,$B$6,Orders!$D$8:$D$5007,A64)) | E64: =IF(C64=0,0,D64/C64) | F64: =IF(A64="",-1E+99,D64+ROW()/1E+6) | G64: =IF(C64<=0,9,E64+ROW()/1E+9)
A65: =Products!$A$13&"" | B65: =Products!$B$13&"" | C65: =IF(A65="",0,SUMIFS(Orders!$K$8:$K$5007,Orders!$A$8:$A$5007,">="&$B$4,Orders!$A$8:$A$5007,"<"&$B$5,Orders!$C$8:$C$5007,$B$6,Orders!$D$8:$D$5007,A65)) | D65: =IF(A65="",0,SUMIFS(Orders!$N$8:$N$5007,Orders!$A$8:$A$5007,">="&$B$4,Orders!$A$8:$A$5007,"<"&$B$5,Orders!$C$8:$C$5007,$B$6,Orders!$D$8:$D$5007,A65)) | E65: =IF(C65=0,0,D65/C65) | F65: =IF(A65="",-1E+99,D65+ROW()/1E+6) | G65: =IF(C65<=0,9,E65+ROW()/1E+9)
A66: =Products!$A$14&"" | B66: =Products!$B$14&"" | C66: =IF(A66="",0,SUMIFS(Orders!$K$8:$K$5007,Orders!$A$8:$A$5007,">="&$B$4,Orders!$A$8:$A$5007,"<"&$B$5,Orders!$C$8:$C$5007,$B$6,Orders!$D$8:$D$5007,A66)) | D66: =IF(A66="",0,SUMIFS(Orders!$N$8:$N$5007,Orders!$A$8:$A$5007,">="&$B$4,Orders!$A$8:$A$5007,"<"&$B$5,Orders!$C$8:$C$5007,$B$6,Orders!$D$8:$D$5007,A66)) | E66: =IF(C66=0,0,D66/C66) | F66: =IF(A66="",-1E+99,D66+ROW()/1E+6) | G66: =IF(C66<=0,9,E66+ROW()/1E+9)
A67: =Products!$A$15&"" | B67: =Products!$B$15&"" | C67: =IF(A67="",0,SUMIFS(Orders!$K$8:$K$5007,Orders!$A$8:$A$5007,">="&$B$4,Orders!$A$8:$A$5007,"<"&$B$5,Orders!$C$8:$C$5007,$B$6,Orders!$D$8:$D$5007,A67)) | D67: =IF(A67="",0,SUMIFS(Orders!$N$8:$N$5007,Orders!$A$8:$A$5007,">="&$B$4,Orders!$A$8:$A$5007,"<"&$B$5,Orders!$C$8:$C$5007,$B$6,Orders!$D$8:$D$5007,A67)) | E67: =IF(C67=0,0,D67/C67) | F67: =IF(A67="",-1E+99,D67+ROW()/1E+6) | G67: =IF(C67<=0,9,E67+ROW()/1E+9)
A68: =Products!$A$16&"" | B68: =Products!$B$16&"" | C68: =IF(A68="",0,SUMIFS(Orders!$K$8:$K$5007,Orders!$A$8:$A$5007,">="&$B$4,Orders!$A$8:$A$5007,"<"&$B$5,Orders!$C$8:$C$5007,$B$6,Orders!$D$8:$D$5007,A68)) | D68: =IF(A68="",0,SUMIFS(Orders!$N$8:$N$5007,Orders!$A$8:$A$5007,">="&$B$4,Orders!$A$8:$A$5007,"<"&$B$5,Orders!$C$8:$C$5007,$B$6,Orders!$D$8:$D$5007,A68)) | E68: =IF(C68=0,0,D68/C68) | F68: =IF(A68="",-1E+99,D68+ROW()/1E+6) | G68: =IF(C68<=0,9,E68+ROW()/1E+9)
A69: =Products!$A$17&"" | B69: =Products!$B$17&"" | C69: =IF(A69="",0,SUMIFS(Orders!$K$8:$K$5007,Orders!$A$8:$A$5007,">="&$B$4,Orders!$A$8:$A$5007,"<"&$B$5,Orders!$C$8:$C$5007,$B$6,Orders!$D$8:$D$5007,A69)) | D69: =IF(A69="",0,SUMIFS(Orders!$N$8:$N$5007,Orders!$A$8:$A$5007,">="&$B$4,Orders!$A$8:$A$5007,"<"&$B$5,Orders!$C$8:$C$5007,$B$6,Orders!$D$8:$D$5007,A69)) | E69: =IF(C69=0,0,D69/C69) | F69: =IF(A69="",-1E+99,D69+ROW()/1E+6) | G69: =IF(C69<=0,9,E69+ROW()/1E+9)
A70: =Products!$A$18&"" | B70: =Products!$B$18&"" | C70: =IF(A70="",0,SUMIFS(Orders!$K$8:$K$5007,Orders!$A$8:$A$5007,">="&$B$4,Orders!$A$8:$A$5007,"<"&$B$5,Orders!$C$8:$C$5007,$B$6,Orders!$D$8:$D$5007,A70)) | D70: =IF(A70="",0,SUMIFS(Orders!$N$8:$N$5007,Orders!$A$8:$A$5007,">="&$B$4,Orders!$A$8:$A$5007,"<"&$B$5,Orders!$C$8:$C$5007,$B$6,Orders!$D$8:$D$5007,A70)) | E70: =IF(C70=0,0,D70/C70) | F70: =IF(A70="",-1E+99,D70+ROW()/1E+6) | G70: =IF(C70<=0,9,E70+ROW()/1E+9)
A71: =Products!$A$19&"" | B71: =Products!$B$19&"" | C71: =IF(A71="",0,SUMIFS(Orders!$K$8:$K$5007,Orders!$A$8:$A$5007,">="&$B$4,Orders!$A$8:$A$5007,"<"&$B$5,Orders!$C$8:$C$5007,$B$6,Orders!$D$8:$D$5007,A71)) | D71: =IF(A71="",0,SUMIFS(Orders!$N$8:$N$5007,Orders!$A$8:$A$5007,">="&$B$4,Orders!$A$8:$A$5007,"<"&$B$5,Orders!$C$8:$C$5007,$B$6,Orders!$D$8:$D$5007,A71)) | E71: =IF(C71=0,0,D71/C71) | F71: =IF(A71="",-1E+99,D71+ROW()/1E+6) | G71: =IF(C71<=0,9,E71+ROW()/1E+9)
A72: =Products!$A$20&"" | B72: =Products!$B$20&"" | C72: =IF(A72="",0,SUMIFS(Orders!$K$8:$K$5007,Orders!$A$8:$A$5007,">="&$B$4,Orders!$A$8:$A$5007,"<"&$B$5,Orders!$C$8:$C$5007,$B$6,Orders!$D$8:$D$5007,A72)) | D72: =IF(A72="",0,SUMIFS(Orders!$N$8:$N$5007,Orders!$A$8:$A$5007,">="&$B$4,Orders!$A$8:$A$5007,"<"&$B$5,Orders!$C$8:$C$5007,$B$6,Orders!$D$8:$D$5007,A72)) | E72: =IF(C72=0,0,D72/C72) | F72: =IF(A72="",-1E+99,D72+ROW()/1E+6) | G72: =IF(C72<=0,9,E72+ROW()/1E+9)
A73: =Products!$A$21&"" | B73: =Products!$B$21&"" | C73: =IF(A73="",0,SUMIFS(Orders!$K$8:$K$5007,Orders!$A$8:$A$5007,">="&$B$4,Orders!$A$8:$A$5007,"<"&$B$5,Orders!$C$8:$C$5007,$B$6,Orders!$D$8:$D$5007,A73)) | D73: =IF(A73="",0,SUMIFS(Orders!$N$8:$N$5007,Orders!$A$8:$A$5007,">="&$B$4,Orders!$A$8:$A$5007,"<"&$B$5,Orders!$C$8:$C$5007,$B$6,Orders!$D$8:$D$5007,A73)) | E73: =IF(C73=0,0,D73/C73) | F73: =IF(A73="",-1E+99,D73+ROW()/1E+6) | G73: =IF(C73<=0,9,E73+ROW()/1E+9)
A74: =Products!$A$22&"" | B74: =Products!$B$22&"" | C74: =IF(A74="",0,SUMIFS(Orders!$K$8:$K$5007,Orders!$A$8:$A$5007,">="&$B$4,Orders!$A$8:$A$5007,"<"&$B$5,Orders!$C$8:$C$5007,$B$6,Orders!$D$8:$D$5007,A74)) | D74: =IF(A74="",0,SUMIFS(Orders!$N$8:$N$5007,Orders!$A$8:$A$5007,">="&$B$4,Orders!$A$8:$A$5007,"<"&$B$5,Orders!$C$8:$C$5007,$B$6,Orders!$D$8:$D$5007,A74)) | E74: =IF(C74=0,0,D74/C74) | F74: =IF(A74="",-1E+99,D74+ROW()/1E+6) | G74: =IF(C74<=0,9,E74+ROW()/1E+9)
A75: =Products!$A$23&"" | B75: =Products!$B$23&"" | C75: =IF(A75="",0,SUMIFS(Orders!$K$8:$K$5007,Orders!$A$8:$A$5007,">="&$B$4,Orders!$A$8:$A$5007,"<"&$B$5,Orders!$C$8:$C$5007,$B$6,Orders!$D$8:$D$5007,A75)) | D75: =IF(A75="",0,SUMIFS(Orders!$N$8:$N$5007,Orders!$A$8:$A$5007,">="&$B$4,Orders!$A$8:$A$5007,"<"&$B$5,Orders!$C$8:$C$5007,$B$6,Orders!$D$8:$D$5007,A75)) | E75: =IF(C75=0,0,D75/C75) | F75: =IF(A75="",-1E+99,D75+ROW()/1E+6) | G75: =IF(C75<=0,9,E75+ROW()/1E+9)
A76: =Products!$A$24&"" | B76: =Products!$B$24&"" | C76: =IF(A76="",0,SUMIFS(Orders!$K$8:$K$5007,Orders!$A$8:$A$5007,">="&$B$4,Orders!$A$8:$A$5007,"<"&$B$5,Orders!$C$8:$C$5007,$B$6,Orders!$D$8:$D$5007,A76)) | D76: =IF(A76="",0,SUMIFS(Orders!$N$8:$N$5007,Orders!$A$8:$A$5007,">="&$B$4,Orders!$A$8:$A$5007,"<"&$B$5,Orders!$C$8:$C$5007,$B$6,Orders!$D$8:$D$5007,A76)) | E76: =IF(C76=0,0,D76/C76) | F76: =IF(A76="",-1E+99,D76+ROW()/1E+6) | G76: =IF(C76<=0,9,E76+ROW()/1E+9)
A77: =Products!$A$25&"" | B77: =Products!$B$25&"" | C77: =IF(A77="",0,SUMIFS(Orders!$K$8:$K$5007,Orders!$A$8:$A$5007,">="&$B$4,Orders!$A$8:$A$5007,"<"&$B$5,Orders!$C$8:$C$5007,$B$6,Orders!$D$8:$D$5007,A77)) | D77: =IF(A77="",0,SUMIFS(Orders!$N$8:$N$5007,Orders!$A$8:$A$5007,">="&$B$4,Orders!$A$8:$A$5007,"<"&$B$5,Orders!$C$8:$C$5007,$B$6,Orders!$D$8:$D$5007,A77)) | E77: =IF(C77=0,0,D77/C77) | F77: =IF(A77="",-1E+99,D77+ROW()/1E+6) | G77: =IF(C77<=0,9,E77+ROW()/1E+9)
A78: =Products!$A$26&"" | B78: =Products!$B$26&"" | C78: =IF(A78="",0,SUMIFS(Orders!$K$8:$K$5007,Orders!$A$8:$A$5007,">="&$B$4,Orders!$A$8:$A$5007,"<"&$B$5,Orders!$C$8:$C$5007,$B$6,Orders!$D$8:$D$5007,A78)) | D78: =IF(A78="",0,SUMIFS(Orders!$N$8:$N$5007,Orders!$A$8:$A$5007,">="&$B$4,Orders!$A$8:$A$5007,"<"&$B$5,Orders!$C$8:$C$5007,$B$6,Orders!$D$8:$D$5007,A78)) | E78: =IF(C78=0,0,D78/C78) | F78: =IF(A78="",-1E+99,D78+ROW()/1E+6) | G78: =IF(C78<=0,9,E78+ROW()/1E+9)
A79: =Products!$A$27&"" | B79: =Products!$B$27&"" | C79: =IF(A79="",0,SUMIFS(Orders!$K$8:$K$5007,Orders!$A$8:$A$5007,">="&$B$4,Orders!$A$8:$A$5007,"<"&$B$5,Orders!$C$8:$C$5007,$B$6,Orders!$D$8:$D$5007,A79)) | D79: =IF(A79="",0,SUMIFS(Orders!$N$8:$N$5007,Orders!$A$8:$A$5007,">="&$B$4,Orders!$A$8:$A$5007,"<"&$B$5,Orders!$C$8:$C$5007,$B$6,Orders!$D$8:$D$5007,A79)) | E79: =IF(C79=0,0,D79/C79) | F79: =IF(A79="",-1E+99,D79+ROW()/1E+6) | G79: =IF(C79<=0,9,E79+ROW()/1E+9)
A80: =Products!$A$28&"" | B80: =Products!$B$28&"" | C80: =IF(A80="",0,SUMIFS(Orders!$K$8:$K$5007,Orders!$A$8:$A$5007,">="&$B$4,Orders!$A$8:$A$5007,"<"&$B$5,Orders!$C$8:$C$5007,$B$6,Orders!$D$8:$D$5007,A80)) | D80: =IF(A80="",0,SUMIFS(Orders!$N$8:$N$5007,Orders!$A$8:$A$5007,">="&$B$4,Orders!$A$8:$A$5007,"<"&$B$5,Orders!$C$8:$C$5007,$B$6,Orders!$D$8:$D$5007,A80)) | E80: =IF(C80=0,0,D80/C80) | F80: =IF(A80="",-1E+99,D80+ROW()/1E+6) | G80: =IF(C80<=0,9,E80+ROW()/1E+9)
A81: =Products!$A$29&"" | B81: =Products!$B$29&"" | C81: =IF(A81="",0,SUMIFS(Orders!$K$8:$K$5007,Orders!$A$8:$A$5007,">="&$B$4,Orders!$A$8:$A$5007,"<"&$B$5,Orders!$C$8:$C$5007,$B$6,Orders!$D$8:$D$5007,A81)) | D81: =IF(A81="",0,SUMIFS(Orders!$N$8:$N$5007,Orders!$A$8:$A$5007,">="&$B$4,Orders!$A$8:$A$5007,"<"&$B$5,Orders!$C$8:$C$5007,$B$6,Orders!$D$8:$D$5007,A81)) | E81: =IF(C81=0,0,D81/C81) | F81: =IF(A81="",-1E+99,D81+ROW()/1E+6) | G81: =IF(C81<=0,9,E81+ROW()/1E+9)
A82: =Products!$A$30&"" | B82: =Products!$B$30&"" | C82: =IF(A82="",0,SUMIFS(Orders!$K$8:$K$5007,Orders!$A$8:$A$5007,">="&$B$4,Orders!$A$8:$A$5007,"<"&$B$5,Orders!$C$8:$C$5007,$B$6,Orders!$D$8:$D$5007,A82)) | D82: =IF(A82="",0,SUMIFS(Orders!$N$8:$N$5007,Orders!$A$8:$A$5007,">="&$B$4,Orders!$A$8:$A$5007,"<"&$B$5,Orders!$C$8:$C$5007,$B$6,Orders!$D$8:$D$5007,A82)) | E82: =IF(C82=0,0,D82/C82) | F82: =IF(A82="",-1E+99,D82+ROW()/1E+6) | G82: =IF(C82<=0,9,E82+ROW()/1E+9)
A83: =Products!$A$31&"" | B83: =Products!$B$31&"" | C83: =IF(A83="",0,SUMIFS(Orders!$K$8:$K$5007,Orders!$A$8:$A$5007,">="&$B$4,Orders!$A$8:$A$5007,"<"&$B$5,Orders!$C$8:$C$5007,$B$6,Orders!$D$8:$D$5007,A83)) | D83: =IF(A83="",0,SUMIFS(Orders!$N$8:$N$5007,Orders!$A$8:$A$5007,">="&$B$4,Orders!$A$8:$A$5007,"<"&$B$5,Orders!$C$8:$C$5007,$B$6,Orders!$D$8:$D$5007,A83)) | E83: =IF(C83=0,0,D83/C83) | F83: =IF(A83="",-1E+99,D83+ROW()/1E+6) | G83: =IF(C83<=0,9,E83+ROW()/1E+9)
A84: =Products!$A$32&"" | B84: =Products!$B$32&"" | C84: =IF(A84="",0,SUMIFS(Orders!$K$8:$K$5007,Orders!$A$8:$A$5007,">="&$B$4,Orders!$A$8:$A$5007,"<"&$B$5,Orders!$C$8:$C$5007,$B$6,Orders!$D$8:$D$5007,A84)) | D84: =IF(A84="",0,SUMIFS(Orders!$N$8:$N$5007,Orders!$A$8:$A$5007,">="&$B$4,Orders!$A$8:$A$5007,"<"&$B$5,Orders!$C$8:$C$5007,$B$6,Orders!$D$8:$D$5007,A84)) | E84: =IF(C84=0,0,D84/C84) | F84: =IF(A84="",-1E+99,D84+ROW()/1E+6) | G84: =IF(C84<=0,9,E84+ROW()/1E+9)
A85: =Products!$A$33&"" | B85: =Products!$B$33&"" | C85: =IF(A85="",0,SUMIFS(Orders!$K$8:$K$5007,Orders!$A$8:$A$5007,">="&$B$4,Orders!$A$8:$A$5007,"<"&$B$5,Orders!$C$8:$C$5007,$B$6,Orders!$D$8:$D$5007,A85)) | D85: =IF(A85="",0,SUMIFS(Orders!$N$8:$N$5007,Orders!$A$8:$A$5007,">="&$B$4,Orders!$A$8:$A$5007,"<"&$B$5,Orders!$C$8:$C$5007,$B$6,Orders!$D$8:$D$5007,A85)) | E85: =IF(C85=0,0,D85/C85) | F85: =IF(A85="",-1E+99,D85+ROW()/1E+6) | G85: =IF(C85<=0,9,E85+ROW()/1E+9)
A86: =Products!$A$34&"" | B86: =Products!$B$34&"" | C86: =IF(A86="",0,SUMIFS(Orders!$K$8:$K$5007,Orders!$A$8:$A$5007,">="&$B$4,Orders!$A$8:$A$5007,"<"&$B$5,Orders!$C$8:$C$5007,$B$6,Orders!$D$8:$D$5007,A86)) | D86: =IF(A86="",0,SUMIFS(Orders!$N$8:$N$5007,Orders!$A$8:$A$5007,">="&$B$4,Orders!$A$8:$A$5007,"<"&$B$5,Orders!$C$8:$C$5007,$B$6,Orders!$D$8:$D$5007,A86)) | E86: =IF(C86=0,0,D86/C86) | F86: =IF(A86="",-1E+99,D86+ROW()/1E+6) | G86: =IF(C86<=0,9,E86+ROW()/1E+9)
A87: =Products!$A$35&"" | B87: =Products!$B$35&"" | C87: =IF(A87="",0,SUMIFS(Orders!$K$8:$K$5007,Orders!$A$8:$A$5007,">="&$B$4,Orders!$A$8:$A$5007,"<"&$B$5,Orders!$C$8:$C$5007,$B$6,Orders!$D$8:$D$5007,A87)) | D87: =IF(A87="",0,SUMIFS(Orders!$N$8:$N$5007,Orders!$A$8:$A$5007,">="&$B$4,Orders!$A$8:$A$5007,"<"&$B$5,Orders!$C$8:$C$5007,$B$6,Orders!$D$8:$D$5007,A87)) | E87: =IF(C87=0,0,D87/C87) | F87: =IF(A87="",-1E+99,D87+ROW()/1E+6) | G87: =IF(C87<=0,9,E87+ROW()/1E+9)
A88: =Products!$A$36&"" | B88: =Products!$B$36&"" | C88: =IF(A88="",0,SUMIFS(Orders!$K$8:$K$5007,Orders!$A$8:$A$5007,">="&$B$4,Orders!$A$8:$A$5007,"<"&$B$5,Orders!$C$8:$C$5007,$B$6,Orders!$D$8:$D$5007,A88)) | D88: =IF(A88="",0,SUMIFS(Orders!$N$8:$N$5007,Orders!$A$8:$A$5007,">="&$B$4,Orders!$A$8:$A$5007,"<"&$B$5,Orders!$C$8:$C$5007,$B$6,Orders!$D$8:$D$5007,A88)) | E88: =IF(C88=0,0,D88/C88) | F88: =IF(A88="",-1E+99,D88+ROW()/1E+6) | G88: =IF(C88<=0,9,E88+ROW()/1E+9)
A89: =Products!$A$37&"" | B89: =Products!$B$37&"" | C89: =IF(A89="",0,SUMIFS(Orders!$K$8:$K$5007,Orders!$A$8:$A$5007,">="&$B$4,Orders!$A$8:$A$5007,"<"&$B$5,Orders!$C$8:$C$5007,$B$6,Orders!$D$8:$D$5007,A89)) | D89: =IF(A89="",0,SUMIFS(Orders!$N$8:$N$5007,Orders!$A$8:$A$5007,">="&$B$4,Orders!$A$8:$A$5007,"<"&$B$5,Orders!$C$8:$C$5007,$B$6,Orders!$D$8:$D$5007,A89)) | E89: =IF(C89=0,0,D89/C89) | F89: =IF(A89="",-1E+99,D89+ROW()/1E+6) | G89: =IF(C89<=0,9,E89+ROW()/1E+9)
A90: =Products!$A$38&"" | B90: =Products!$B$38&"" | C90: =IF(A90="",0,SUMIFS(Orders!$K$8:$K$5007,Orders!$A$8:$A$5007,">="&$B$4,Orders!$A$8:$A$5007,"<"&$B$5,Orders!$C$8:$C$5007,$B$6,Orders!$D$8:$D$5007,A90)) | D90: =IF(A90="",0,SUMIFS(Orders!$N$8:$N$5007,Orders!$A$8:$A$5007,">="&$B$4,Orders!$A$8:$A$5007,"<"&$B$5,Orders!$C$8:$C$5007,$B$6,Orders!$D$8:$D$5007,A90)) | E90: =IF(C90=0,0,D90/C90) | F90: =IF(A90="",-1E+99,D90+ROW()/1E+6) | G90: =IF(C90<=0,9,E90+ROW()/1E+9)
A91: =Products!$A$39&"" | B91: =Products!$B$39&"" | C91: =IF(A91="",0,SUMIFS(Orders!$K$8:$K$5007,Orders!$A$8:$A$5007,">="&$B$4,Orders!$A$8:$A$5007,"<"&$B$5,Orders!$C$8:$C$5007,$B$6,Orders!$D$8:$D$5007,A91)) | D91: =IF(A91="",0,SUMIFS(Orders!$N$8:$N$5007,Orders!$A$8:$A$5007,">="&$B$4,Orders!$A$8:$A$5007,"<"&$B$5,Orders!$C$8:$C$5007,$B$6,Orders!$D$8:$D$5007,A91)) | E91: =IF(C91=0,0,D91/C91) | F91: =IF(A91="",-1E+99,D91+ROW()/1E+6) | G91: =IF(C91<=0,9,E91+ROW()/1E+9)
A92: =Products!$A$40&"" | B92: =Products!$B$40&"" | C92: =IF(A92="",0,SUMIFS(Orders!$K$8:$K$5007,Orders!$A$8:$A$5007,">="&$B$4,Orders!$A$8:$A$5007,"<"&$B$5,Orders!$C$8:$C$5007,$B$6,Orders!$D$8:$D$5007,A92)) | D92: =IF(A92="",0,SUMIFS(Orders!$N$8:$N$5007,Orders!$A$8:$A$5007,">="&$B$4,Orders!$A$8:$A$5007,"<"&$B$5,Orders!$C$8:$C$5007,$B$6,Orders!$D$8:$D$5007,A92)) | E92: =IF(C92=0,0,D92/C92) | F92: =IF(A92="",-1E+99,D92+ROW()/1E+6) | G92: =IF(C92<=0,9,E92+ROW()/1E+9)
A93: =Products!$A$41&"" | B93: =Products!$B$41&"" | C93: =IF(A93="",0,SUMIFS(Orders!$K$8:$K$5007,Orders!$A$8:$A$5007,">="&$B$4,Orders!$A$8:$A$5007,"<"&$B$5,Orders!$C$8:$C$5007,$B$6,Orders!$D$8:$D$5007,A93)) | D93: =IF(A93="",0,SUMIFS(Orders!$N$8:$N$5007,Orders!$A$8:$A$5007,">="&$B$4,Orders!$A$8:$A$5007,"<"&$B$5,Orders!$C$8:$C$5007,$B$6,Orders!$D$8:$D$5007,A93)) | E93: =IF(C93=0,0,D93/C93) | F93: =IF(A93="",-1E+99,D93+ROW()/1E+6) | G93: =IF(C93<=0,9,E93+ROW()/1E+9)
A94: =Products!$A$42&"" | B94: =Products!$B$42&"" | C94: =IF(A94="",0,SUMIFS(Orders!$K$8:$K$5007,Orders!$A$8:$A$5007,">="&$B$4,Orders!$A$8:$A$5007,"<"&$B$5,Orders!$C$8:$C$5007,$B$6,Orders!$D$8:$D$5007,A94)) | D94: =IF(A94="",0,SUMIFS(Orders!$N$8:$N$5007,Orders!$A$8:$A$5007,">="&$B$4,Orders!$A$8:$A$5007,"<"&$B$5,Orders!$C$8:$C$5007,$B$6,Orders!$D$8:$D$5007,A94)) | E94: =IF(C94=0,0,D94/C94) | F94: =IF(A94="",-1E+99,D94+ROW()/1E+6) | G94: =IF(C94<=0,9,E94+ROW()/1E+9)
A95: =Products!$A$43&"" | B95: =Products!$B$43&"" | C95: =IF(A95="",0,SUMIFS(Orders!$K$8:$K$5007,Orders!$A$8:$A$5007,">="&$B$4,Orders!$A$8:$A$5007,"<"&$B$5,Orders!$C$8:$C$5007,$B$6,Orders!$D$8:$D$5007,A95)) | D95: =IF(A95="",0,SUMIFS(Orders!$N$8:$N$5007,Orders!$A$8:$A$5007,">="&$B$4,Orders!$A$8:$A$5007,"<"&$B$5,Orders!$C$8:$C$5007,$B$6,Orders!$D$8:$D$5007,A95)) | E95: =IF(C95=0,0,D95/C95) | F95: =IF(A95="",-1E+99,D95+ROW()/1E+6) | G95: =IF(C95<=0,9,E95+ROW()/1E+9)
A96: =Products!$A$44&"" | B96: =Products!$B$44&"" | C96: =IF(A96="",0,SUMIFS(Orders!$K$8:$K$5007,Orders!$A$8:$A$5007,">="&$B$4,Orders!$A$8:$A$5007,"<"&$B$5,Orders!$C$8:$C$5007,$B$6,Orders!$D$8:$D$5007,A96)) | D96: =IF(A96="",0,SUMIFS(Orders!$N$8:$N$5007,Orders!$A$8:$A$5007,">="&$B$4,Orders!$A$8:$A$5007,"<"&$B$5,Orders!$C$8:$C$5007,$B$6,Orders!$D$8:$D$5007,A96)) | E96: =IF(C96=0,0,D96/C96) | F96: =IF(A96="",-1E+99,D96+ROW()/1E+6) | G96: =IF(C96<=0,9,E96+ROW()/1E+9)
A97: =Products!$A$45&"" | B97: =Products!$B$45&"" | C97: =IF(A97="",0,SUMIFS(Orders!$K$8:$K$5007,Orders!$A$8:$A$5007,">="&$B$4,Orders!$A$8:$A$5007,"<"&$B$5,Orders!$C$8:$C$5007,$B$6,Orders!$D$8:$D$5007,A97)) | D97: =IF(A97="",0,SUMIFS(Orders!$N$8:$N$5007,Orders!$A$8:$A$5007,">="&$B$4,Orders!$A$8:$A$5007,"<"&$B$5,Orders!$C$8:$C$5007,$B$6,Orders!$D$8:$D$5007,A97)) | E97: =IF(C97=0,0,D97/C97) | F97: =IF(A97="",-1E+99,D97+ROW()/1E+6) | G97: =IF(C97<=0,9,E97+ROW()/1E+9)
A98: =Products!$A$46&"" | B98: =Products!$B$46&"" | C98: =IF(A98="",0,SUMIFS(Orders!$K$8:$K$5007,Orders!$A$8:$A$5007,">="&$B$4,Orders!$A$8:$A$5007,"<"&$B$5,Orders!$C$8:$C$5007,$B$6,Orders!$D$8:$D$5007,A98)) | D98: =IF(A98="",0,SUMIFS(Orders!$N$8:$N$5007,Orders!$A$8:$A$5007,">="&$B$4,Orders!$A$8:$A$5007,"<"&$B$5,Orders!$C$8:$C$5007,$B$6,Orders!$D$8:$D$5007,A98)) | E98: =IF(C98=0,0,D98/C98) | F98: =IF(A98="",-1E+99,D98+ROW()/1E+6) | G98: =IF(C98<=0,9,E98+ROW()/1E+9)
A99: =Products!$A$47&"" | B99: =Products!$B$47&"" | C99: =IF(A99="",0,SUMIFS(Orders!$K$8:$K$5007,Orders!$A$8:$A$5007,">="&$B$4,Orders!$A$8:$A$5007,"<"&$B$5,Orders!$C$8:$C$5007,$B$6,Orders!$D$8:$D$5007,A99)) | D99: =IF(A99="",0,SUMIFS(Orders!$N$8:$N$5007,Orders!$A$8:$A$5007,">="&$B$4,Orders!$A$8:$A$5007,"<"&$B$5,Orders!$C$8:$C$5007,$B$6,Orders!$D$8:$D$5007,A99)) | E99: =IF(C99=0,0,D99/C99) | F99: =IF(A99="",-1E+99,D99+ROW()/1E+6) | G99: =IF(C99<=0,9,E99+ROW()/1E+9)
A100: =Products!$A$48&"" | B100: =Products!$B$48&"" | C100: =IF(A100="",0,SUMIFS(Orders!$K$8:$K$5007,Orders!$A$8:$A$5007,">="&$B$4,Orders!$A$8:$A$5007,"<"&$B$5,Orders!$C$8:$C$5007,$B$6,Orders!$D$8:$D$5007,A100)) | D100: =IF(A100="",0,SUMIFS(Orders!$N$8:$N$5007,Orders!$A$8:$A$5007,">="&$B$4,Orders!$A$8:$A$5007,"<"&$B$5,Orders!$C$8:$C$5007,$B$6,Orders!$D$8:$D$5007,A100)) | E100: =IF(C100=0,0,D100/C100) | F100: =IF(A100="",-1E+99,D100+ROW()/1E+6) | G100: =IF(C100<=0,9,E100+ROW()/1E+9)
A101: =Products!$A$49&"" | B101: =Products!$B$49&"" | C101: =IF(A101="",0,SUMIFS(Orders!$K$8:$K$5007,Orders!$A$8:$A$5007,">="&$B$4,Orders!$A$8:$A$5007,"<"&$B$5,Orders!$C$8:$C$5007,$B$6,Orders!$D$8:$D$5007,A101)) | D101: =IF(A101="",0,SUMIFS(Orders!$N$8:$N$5007,Orders!$A$8:$A$5007,">="&$B$4,Orders!$A$8:$A$5007,"<"&$B$5,Orders!$C$8:$C$5007,$B$6,Orders!$D$8:$D$5007,A101)) | E101: =IF(C101=0,0,D101/C101) | F101: =IF(A101="",-1E+99,D101+ROW()/1E+6) | G101: =IF(C101<=0,9,E101+ROW()/1E+9)
A102: =Products!$A$50&"" | B102: =Products!$B$50&"" | C102: =IF(A102="",0,SUMIFS(Orders!$K$8:$K$5007,Orders!$A$8:$A$5007,">="&$B$4,Orders!$A$8:$A$5007,"<"&$B$5,Orders!$C$8:$C$5007,$B$6,Orders!$D$8:$D$5007,A102)) | D102: =IF(A102="",0,SUMIFS(Orders!$N$8:$N$5007,Orders!$A$8:$A$5007,">="&$B$4,Orders!$A$8:$A$5007,"<"&$B$5,Orders!$C$8:$C$5007,$B$6,Orders!$D$8:$D$5007,A102)) | E102: =IF(C102=0,0,D102/C102) | F102: =IF(A102="",-1E+99,D102+ROW()/1E+6) | G102: =IF(C102<=0,9,E102+ROW()/1E+9)
A103: =Products!$A$51&"" | B103: =Products!$B$51&"" | C103: =IF(A103="",0,SUMIFS(Orders!$K$8:$K$5007,Orders!$A$8:$A$5007,">="&$B$4,Orders!$A$8:$A$5007,"<"&$B$5,Orders!$C$8:$C$5007,$B$6,Orders!$D$8:$D$5007,A103)) | D103: =IF(A103="",0,SUMIFS(Orders!$N$8:$N$5007,Orders!$A$8:$A$5007,">="&$B$4,Orders!$A$8:$A$5007,"<"&$B$5,Orders!$C$8:$C$5007,$B$6,Orders!$D$8:$D$5007,A103)) | E103: =IF(C103=0,0,D103/C103) | F103: =IF(A103="",-1E+99,D103+ROW()/1E+6) | G103: =IF(C103<=0,9,E103+ROW()/1E+9)
A104: =Products!$A$52&"" | B104: =Products!$B$52&"" | C104: =IF(A104="",0,SUMIFS(Orders!$K$8:$K$5007,Orders!$A$8:$A$5007,">="&$B$4,Orders!$A$8:$A$5007,"<"&$B$5,Orders!$C$8:$C$5007,$B$6,Orders!$D$8:$D$5007,A104)) | D104: =IF(A104="",0,SUMIFS(Orders!$N$8:$N$5007,Orders!$A$8:$A$5007,">="&$B$4,Orders!$A$8:$A$5007,"<"&$B$5,Orders!$C$8:$C$5007,$B$6,Orders!$D$8:$D$5007,A104)) | E104: =IF(C104=0,0,D104/C104) | F104: =IF(A104="",-1E+99,D104+ROW()/1E+6) | G104: =IF(C104<=0,9,E104+ROW()/1E+9)
A105: =Products!$A$53&"" | B105: =Products!$B$53&"" | C105: =IF(A105="",0,SUMIFS(Orders!$K$8:$K$5007,Orders!$A$8:$A$5007,">="&$B$4,Orders!$A$8:$A$5007,"<"&$B$5,Orders!$C$8:$C$5007,$B$6,Orders!$D$8:$D$5007,A105)) | D105: =IF(A105="",0,SUMIFS(Orders!$N$8:$N$5007,Orders!$A$8:$A$5007,">="&$B$4,Orders!$A$8:$A$5007,"<"&$B$5,Orders!$C$8:$C$5007,$B$6,Orders!$D$8:$D$5007,A105)) | E105: =IF(C105=0,0,D105/C105) | F105: =IF(A105="",-1E+99,D105+ROW()/1E+6) | G105: =IF(C105<=0,9,E105+ROW()/1E+9)
A106: =Products!$A$54&"" | B106: =Products!$B$54&"" | C106: =IF(A106="",0,SUMIFS(Orders!$K$8:$K$5007,Orders!$A$8:$A$5007,">="&$B$4,Orders!$A$8:$A$5007,"<"&$B$5,Orders!$C$8:$C$5007,$B$6,Orders!$D$8:$D$5007,A106)) | D106: =IF(A106="",0,SUMIFS(Orders!$N$8:$N$5007,Orders!$A$8:$A$5007,">="&$B$4,Orders!$A$8:$A$5007,"<"&$B$5,Orders!$C$8:$C$5007,$B$6,Orders!$D$8:$D$5007,A106)) | E106: =IF(C106=0,0,D106/C106) | F106: =IF(A106="",-1E+99,D106+ROW()/1E+6) | G106: =IF(C106<=0,9,E106+ROW()/1E+9)
A107: =Products!$A$55&"" | B107: =Products!$B$55&"" | C107: =IF(A107="",0,SUMIFS(Orders!$K$8:$K$5007,Orders!$A$8:$A$5007,">="&$B$4,Orders!$A$8:$A$5007,"<"&$B$5,Orders!$C$8:$C$5007,$B$6,Orders!$D$8:$D$5007,A107)) | D107: =IF(A107="",0,SUMIFS(Orders!$N$8:$N$5007,Orders!$A$8:$A$5007,">="&$B$4,Orders!$A$8:$A$5007,"<"&$B$5,Orders!$C$8:$C$5007,$B$6,Orders!$D$8:$D$5007,A107)) | E107: =IF(C107=0,0,D107/C107) | F107: =IF(A107="",-1E+99,D107+ROW()/1E+6) | G107: =IF(C107<=0,9,E107+ROW()/1E+9)
A108: =Products!$A$56&"" | B108: =Products!$B$56&"" | C108: =IF(A108="",0,SUMIFS(Orders!$K$8:$K$5007,Orders!$A$8:$A$5007,">="&$B$4,Orders!$A$8:$A$5007,"<"&$B$5,Orders!$C$8:$C$5007,$B$6,Orders!$D$8:$D$5007,A108)) | D108: =IF(A108="",0,SUMIFS(Orders!$N$8:$N$5007,Orders!$A$8:$A$5007,">="&$B$4,Orders!$A$8:$A$5007,"<"&$B$5,Orders!$C$8:$C$5007,$B$6,Orders!$D$8:$D$5007,A108)) | E108: =IF(C108=0,0,D108/C108) | F108: =IF(A108="",-1E+99,D108+ROW()/1E+6) | G108: =IF(C108<=0,9,E108+ROW()/1E+9)
A109: =Products!$A$57&"" | B109: =Products!$B$57&"" | C109: =IF(A109="",0,SUMIFS(Orders!$K$8:$K$5007,Orders!$A$8:$A$5007,">="&$B$4,Orders!$A$8:$A$5007,"<"&$B$5,Orders!$C$8:$C$5007,$B$6,Orders!$D$8:$D$5007,A109)) | D109: =IF(A109="",0,SUMIFS(Orders!$N$8:$N$5007,Orders!$A$8:$A$5007,">="&$B$4,Orders!$A$8:$A$5007,"<"&$B$5,Orders!$C$8:$C$5007,$B$6,Orders!$D$8:$D$5007,A109)) | E109: =IF(C109=0,0,D109/C109) | F109: =IF(A109="",-1E+99,D109+ROW()/1E+6) | G109: =IF(C109<=0,9,E109+ROW()/1E+9)
A110: =Products!$A$58&"" | B110: =Products!$B$58&"" | C110: =IF(A110="",0,SUMIFS(Orders!$K$8:$K$5007,Orders!$A$8:$A$5007,">="&$B$4,Orders!$A$8:$A$5007,"<"&$B$5,Orders!$C$8:$C$5007,$B$6,Orders!$D$8:$D$5007,A110)) | D110: =IF(A110="",0,SUMIFS(Orders!$N$8:$N$5007,Orders!$A$8:$A$5007,">="&$B$4,Orders!$A$8:$A$5007,"<"&$B$5,Orders!$C$8:$C$5007,$B$6,Orders!$D$8:$D$5007,A110)) | E110: =IF(C110=0,0,D110/C110) | F110: =IF(A110="",-1E+99,D110+ROW()/1E+6) | G110: =IF(C110<=0,9,E110+ROW()/1E+9)
A111: =Products!$A$59&"" | B111: =Products!$B$59&"" | C111: =IF(A111="",0,SUMIFS(Orders!$K$8:$K$5007,Orders!$A$8:$A$5007,">="&$B$4,Orders!$A$8:$A$5007,"<"&$B$5,Orders!$C$8:$C$5007,$B$6,Orders!$D$8:$D$5007,A111)) | D111: =IF(A111="",0,SUMIFS(Orders!$N$8:$N$5007,Orders!$A$8:$A$5007,">="&$B$4,Orders!$A$8:$A$5007,"<"&$B$5,Orders!$C$8:$C$5007,$B$6,Orders!$D$8:$D$5007,A111)) | E111: =IF(C111=0,0,D111/C111) | F111: =IF(A111="",-1E+99,D111+ROW()/1E+6) | G111: =IF(C111<=0,9,E111+ROW()/1E+9)
A112: =Products!$A$60&"" | B112: =Products!$B$60&"" | C112: =IF(A112="",0,SUMIFS(Orders!$K$8:$K$5007,Orders!$A$8:$A$5007,">="&$B$4,Orders!$A$8:$A$5007,"<"&$B$5,Orders!$C$8:$C$5007,$B$6,Orders!$D$8:$D$5007,A112)) | D112: =IF(A112="",0,SUMIFS(Orders!$N$8:$N$5007,Orders!$A$8:$A$5007,">="&$B$4,Orders!$A$8:$A$5007,"<"&$B$5,Orders!$C$8:$C$5007,$B$6,Orders!$D$8:$D$5007,A112)) | E112: =IF(C112=0,0,D112/C112) | F112: =IF(A112="",-1E+99,D112+ROW()/1E+6) | G112: =IF(C112<=0,9,E112+ROW()/1E+9)
A113: =Products!$A$61&"" | B113: =Products!$B$61&"" | C113: =IF(A113="",0,SUMIFS(Orders!$K$8:$K$5007,Orders!$A$8:$A$5007,">="&$B$4,Orders!$A$8:$A$5007,"<"&$B$5,Orders!$C$8:$C$5007,$B$6,Orders!$D$8:$D$5007,A113)) | D113: =IF(A113="",0,SUMIFS(Orders!$N$8:$N$5007,Orders!$A$8:$A$5007,">="&$B$4,Orders!$A$8:$A$5007,"<"&$B$5,Orders!$C$8:$C$5007,$B$6,Orders!$D$8:$D$5007,A113)) | E113: =IF(C113=0,0,D113/C113) | F113: =IF(A113="",-1E+99,D113+ROW()/1E+6) | G113: =IF(C113<=0,9,E113+ROW()/1E+9)
A114: =Products!$A$62&"" | B114: =Products!$B$62&"" | C114: =IF(A114="",0,SUMIFS(Orders!$K$8:$K$5007,Orders!$A$8:$A$5007,">="&$B$4,Orders!$A$8:$A$5007,"<"&$B$5,Orders!$C$8:$C$5007,$B$6,Orders!$D$8:$D$5007,A114)) | D114: =IF(A114="",0,SUMIFS(Orders!$N$8:$N$5007,Orders!$A$8:$A$5007,">="&$B$4,Orders!$A$8:$A$5007,"<"&$B$5,Orders!$C$8:$C$5007,$B$6,Orders!$D$8:$D$5007,A114)) | E114: =IF(C114=0,0,D114/C114) | F114: =IF(A114="",-1E+99,D114+ROW()/1E+6) | G114: =IF(C114<=0,9,E114+ROW()/1E+9)
A115: =Products!$A$63&"" | B115: =Products!$B$63&"" | C115: =IF(A115="",0,SUMIFS(Orders!$K$8:$K$5007,Orders!$A$8:$A$5007,">="&$B$4,Orders!$A$8:$A$5007,"<"&$B$5,Orders!$C$8:$C$5007,$B$6,Orders!$D$8:$D$5007,A115)) | D115: =IF(A115="",0,SUMIFS(Orders!$N$8:$N$5007,Orders!$A$8:$A$5007,">="&$B$4,Orders!$A$8:$A$5007,"<"&$B$5,Orders!$C$8:$C$5007,$B$6,Orders!$D$8:$D$5007,A115)) | E115: =IF(C115=0,0,D115/C115) | F115: =IF(A115="",-1E+99,D115+ROW()/1E+6) | G115: =IF(C115<=0,9,E115+ROW()/1E+9)
...
